Workbook
Name AURA: Tableau2[AURA]
Name BFC: Tableau3[BFC]
Name BPL: Tableau4[BPL]
Name CVL: Tableau5[CVL]
Name GE: Tableau6[GE]
Name HDF: Tableau8[HDF]
Name HDSbis: 'Paramètre (masquer)'!$AI$3:$AK$5
Name IDF: Tableau9[IDF]
Name NA: Tableau10[NA]
Name OCC: Tableau12[OCC]
Name PACA: Tableau13[PACA]

Sheet Mode d'emploi
A2: FORMULAIRE DE DEMANDE DE STATIONNEMENT DE NUIT SUR VOIES PRINCIPALES EN GARE DE VOYAGEURS
A3: MODE D'EMPLOI
B5: Pour toutes questions sur la complétude du fichier, contacter la PSEF : services.psef@sncf.fr
B7: Horaire de service :
B8: Service Annuel :  SA 2023 (du 11/12/2023 au 09/12/2022) | C8:  SA 2025 (du 15/12/2024 au 13/12/2025)
C9:  SA 2026 (du 14/12/2025 au 12/12/2026)
B11: Direction Territoriale SNCF Réseau :
B12: Le candidat doit impérativement soumettre une demande (= un fichier) par périmètre de Direction Territoriale SNCF Réseau. C'est un préalable obligatoire pour pouvoir sélectionner ensuite des sites dépendant du périmètre de celle-ci. Exemple : si besoin de capacité d'Ambérieu ou Strasbourg, à Alors renseigner un formulaire pour la DT Auvergne Rhone Alpes pour Ambérieu ET un formulaire pour la DT Grand-Est pour Strasbourg
B14: Gares :
B15: A choisir dans la liste déroulante des gares dépendant de la DT SNCF Réseau (à sélectionner obligatoirement au préalable)
B18: Longueur minimale demandée en ml
B19: Pour une gare donnée, par exemple, indiquer la capacité souhaitée sur la VP en ml (en fonction du matériel remisé et du nombre de trains pour une même gare)
B21: Régime :
B22: Renseigner le régime (ou fréquence) de circulation prévu :
B23: La période considérée étant 00h/5h00, il faudra indiquer clairement l'heure et la date de début de stationnement (arrivée du train) de chaque matériel
B24: Par exemple : | C24:  Régime d'utilisation (En cochant quotidien "Oui", les champs seront complétés automatiquement et signifie que le train stationnera toutes les nuits sur période demandée)
C25:  Nuit LU/MA (signifie que le train est prévu de stationner toutes les nuits du lundi au mardi pendant la période demandée)
C26:  FE : jour de fêtes ( le 1er janvier, le lundi de Pâques, le 1er mai, le 8 mai, l'Ascension, le lundi de Pentecôte, le 14 juillet, le 15 août, le 1er novembre, le 11 novembre et le 25 décembre)
B28: Période :
B29: Renseigner la période de l'année concernée
B30: Par exemple :  SA 2024 est indiqué par défaut (du 10/12/2023 au 14/12/2024)
C31: Il est possible de modifier la période entre ces deux dates
C32:  1/7/2024 au 31/8/2024 (dates début et fin, si demande d'une période particulière)
B34: Numéro de voie souhaité ;
B35: La demande s'exprime par une expression de capacité en mètres linéaires de voie. En complément, l'entreprise peut indiquer les numéros des voies qu'elle souhaite se voir allouer, mais sans garantie d'obtention.
B39: Prospection :
B40: NON : besoin ferme du candidat ; OUI : besoin pour une prospection commerciale en cours
B42: Commentaires O/D :
B43: Observations complémentaires sur le souhait du candidat, facilitant le traitement de la demande. Par exemple : Origine/Destination

Sheet Calendrier
A2: CALENDRIER D'INSTRUCTION DES DEMANDES D'ALLOCATION DE CAPACITÉ
A3: VOIES DE SERVICE À USAGE COURANT
B4: (cf. DRR chap. 7.3.5.6 b)

Sheet Demandes VP
B2: Horaire de service * : | C2: 2025 | D2: =_xlfn.CONCAT("Du ",TEXT('Paramètre (masquer)'!$A$54,"jj/mm/aaaa")," au ",TEXT('Paramètre (masquer)'!$B$54,"jj/mm/aaaa")) -> Du 15/12/2024 au 13/12/2025 | E2: Identité du demandeur * : | M2: Rappel : Calendrier d'envoi des demandes pour l'année A (cf. DRR chap. 7.3.5.6 a) et b)
B4: Date de la demande * : | E4: Coordonnées du demandeur (courriel, tel.) * : | M4:  Demandes initiales : jusqu'au 15 juin année A-1
B6: Raison sociale du demandeur * : | E6: Direction Territoriale SNCF Réseau * : | M6:  Demandes complémentaires : du 16 juin au 15 octobre année A-1
B8: Les champs marqués d'un astérisque * sont à compléter obligatoirement par le Candidat, à défaut, la demande sera considérée comme incomplète et sera retournée au Candidat sans instruction. | M8:  Demandes tardives ou ad hoc : du 16 octobre année A-1 à fin de SA année A
B10: Consulter l'onglet "Mode d'emploi" au préalable
H11: Si quotidien = "Non" alors saisir "oui" les jours concernées | U11: A verouiller | AL11: A masquer (Oui = 0 et Non =1) | AT11: A masquer + Vérouil | AW11: A masquer
B12: Localisation | D12: Capacité demandée | Q12: Caractéristiques des Voie(s) demandée(s) | U12: Objectivation de la demande | Y12: Zone Réservée à SNCF Réseau - EIC et DT Réseau
A13: Index | B13: Site * Un fichier Excel par DT | C13: EIC | D13: Longueur minimale demandée en ml | E13: Période de début * | F13: Période de fin * | G13: Régime d'utilisation (Quotidien ? Oui ou Non) | H13: Nuit LU/MA | I13: Nuit MA/ME | J13: Nuit ME/JE | K13: Nuit JE/VE | L13: Nuit VE/SA | M13: Nuit SA/DI | N13: Nuit DI/LU | O13: FE | P13: Nombre de train accédant / nuit * | Q13: Numéro de voie souhaité | R13: Electrifi cation * | S13: Remisage de nuit | T13: Contraintes / Autres | U13: Type d'activité | V13: N° sillon ou N° commande | W13: Prospection | X13: Commentaires O/D | Y13: Type de réponse | Z13: ID VS | AA13: N° de Voie allouée | AB13: Longueur utile totale allouée en ml | AC13: Période début | AD13: Période fin | AE13: Nuit LU /MA | AF13: Nuit MA/ ME | AG13: Nuit ME/ JE | AH13: Nuit JE/ VE | AI13: Nuit VE/ SA | AJ13: Nuit SA/ DI | AK13: Nuit DI/ LU | AL13: LUN | AM13: MAR | AN13: MER | AO13: JEU | AP13: VEN | AQ13: SAM | AR13: DIM | AS13: FER | AT13: CONCAT | AU13: Motifs du refus | AV13: Modèle contractuel retenu | AW13: Nbre de nuits sur la période | AX13: Uo voies - nuit | AY13: Redevance
A14: 1 | C14: =IFERROR(VLOOKUP(Tableau1[[#This Row],[Site * Un fichier Excel par DT]],Tableau7[[#All],[Nom de la gare]:[EIC]],5,FALSE),"") | H14: =IF(Tableau1[[#This Row],[Régime d''utilisation (Quotidien ? Oui ou Non)]]="Oui","Oui","Non") -> Non | I14: =IF(Tableau1[[#This Row],[Régime d''utilisation (Quotidien ? Oui ou Non)]]="Oui","Oui","Non") -> Non | J14: =IF(Tableau1[[#This Row],[Régime d''utilisation (Quotidien ? Oui ou Non)]]="Oui","Oui","Non") -> Non | K14: =IF(Tableau1[[#This Row],[Régime d''utilisation (Quotidien ? Oui ou Non)]]="Oui","Oui","Non") -> Non | L14: =IF(Tableau1[[#This Row],[Régime d''utilisation (Quotidien ? Oui ou Non)]]="Oui","Oui","Non") -> Non | M14: =IF(Tableau1[[#This Row],[Régime d''utilisation (Quotidien ? Oui ou Non)]]="Oui","Oui","Non") -> Non | N14: =IF(Tableau1[[#This Row],[Régime d''utilisation (Quotidien ? Oui ou Non)]]="Oui","Oui","Non") -> Non | O14: =IF(Tableau1[[#This Row],[Régime d''utilisation (Quotidien ? Oui ou Non)]]="Oui","Oui","Non") -> Non | S14: ="Compris entre 00h00 et 5h00" -> Compris entre 00h00 et 5h00 | U14: ="Voyageur" -> Voyageur | AB14: =400 -> 400 | AC14: =IF(Tableau1[[#This Row],[Type de réponse]]='Paramètre (masquer)'!$A$10,Tableau1[[#This Row],[Période de début *]],"") | AD14: =IF(Tableau1[[#This Row],[Type de réponse]]='Paramètre (masquer)'!$A$10,Tableau1[[#This Row],[Période de fin *]],"") | AE14: =IF(Tableau1[[#This Row],[Type de réponse]]='Paramètre (masquer)'!$A$10,Tableau1[[#This Row],[Nuit LU/MA]],"") | AF14: =IF(Tableau1[[#This Row],[Type de réponse]]='Paramètre (masquer)'!$A$10,Tableau1[[#This Row],[Nuit MA/ME]],"") | AG14: =IF(Tableau1[[#This Row],[Type de réponse]]='Paramètre (masquer)'!$A$10,Tableau1[[#This Row],[Nuit ME/JE]],"") | AH14: =IF(Tableau1[[#This Row],[Type de réponse]]='Paramètre (masquer)'!$A$10,Tableau1[[#This Row],[Nuit JE/VE]],"") | AI14: =IF(Tableau1[[#This Row],[Type de réponse]]='Paramètre (masquer)'!$A$10,Tableau1[[#This Row],[Nuit VE/SA]],"") | AJ14: =IF(Tableau1[[#This Row],[Type de réponse]]='Paramètre (masquer)'!$A$10,Tableau1[[#This Row],[Nuit SA/DI]],"") | AK14: =IF(Tableau1[[#This Row],[Type de réponse]]='Paramètre (masquer)'!$A$10,Tableau1[[#This Row],[Nuit DI/LU]],"") | AL14: =IF(Tableau1[[#This Row],[Nuit LU /MA]]="Oui",0,IF(Tableau1[[#This Row],[Nuit LU /MA]]="Non",1,"")) | AM14: =IF(Tableau1[[#This Row],[Nuit MA/ ME]]="Oui",0,IF(Tableau1[[#This Row],[Nuit MA/ ME]]="Non",1,"")) | AN14: =IF(Tableau1[[#This Row],[Nuit ME/ JE]]="Oui",0,IF(Tableau1[[#This Row],[Nuit ME/ JE]]="Non",1,"")) | AO14: =IF(Tableau1[[#This Row],[Nuit JE/ VE]]="Oui",0,IF(Tableau1[[#This Row],[Nuit JE/ VE]]="Non",1,"")) | AP14: =IF(Tableau1[[#This Row],[Nuit VE/ SA]]="Oui",0,IF(Tableau1[[#This Row],[Nuit VE/ SA]]="Non",1,"")) | AQ14: =IF(Tableau1[[#This Row],[Nuit SA/ DI]]="Oui",0,IF(Tableau1[[#This Row],[Nuit SA/ DI]]="Non",1,"")) | AR14: =IF(Tableau1[[#This Row],[Nuit DI/ LU]]="Oui",0,IF(Tableau1[[#This Row],[Nuit DI/ LU]]="Non",1,"")) | AS14: =IF(Tableau1[[#This Row],[Type de réponse]]='Paramètre (masquer)'!$A$10,Tableau1[[#This Row],[FE]],"") | AT14: =_xlfn.CONCAT(Tableau1[[#This Row],[LUN]:[DIM]]) | AV14: =IF(OR(Tableau1[[#This Row],[Type de réponse]]='Paramètre (masquer)'!$A$10,Tableau1[[#This Row],[Type de réponse]]='Paramètre (masquer)'!$A$11,Tableau1[[#This Row],[Type de réponse]]='Paramètre (masquer)'!$A$12),"Déclaratif","") | AW14: =IF(Tableau1[[#This Row],[FER]]="Oui",NETWORKDAYS.INTL(Tableau1[[#This Row],[Période début]],Tableau1[[#This Row],[Période fin]],Tableau1[[#This Row],[CONCAT]]),NETWORKDAYS.INTL(Tableau1[[#This Row],[Période début]],Tableau1[[#This Row],[Période fin]],Tableau1[[#This Row],[CONCAT]],'Paramètre (masquer)'!$A$18:$A$50)) -> #VALUE! | AX14: =Tableau1[[#This Row],[Nbre de nuits sur la période]]*Tableau1[[#This Row],[Nombre de train accédant / nuit *]] -> #VALUE! | AY14: =Tableau1[[#This Row],[Uo voies - nuit]]*((59*400/1000)+5) -> #VALUE!
A15: =1+A14 -> 2 | C15: =IFERROR(VLOOKUP(Tableau1[[#This Row],[Site * Un fichier Excel par DT]],Tableau7[[#All],[Nom de la gare]:[EIC]],5,FALSE),"") | H15: =IF(Tableau1[[#This Row],[Régime d''utilisation (Quotidien ? Oui ou Non)]]="Oui","Oui","Non") -> Non | I15: =IF(Tableau1[[#This Row],[Régime d''utilisation (Quotidien ? Oui ou Non)]]="Oui","Oui","Non") -> Non | J15: =IF(Tableau1[[#This Row],[Régime d''utilisation (Quotidien ? Oui ou Non)]]="Oui","Oui","Non") -> Non | K15: =IF(Tableau1[[#This Row],[Régime d''utilisation (Quotidien ? Oui ou Non)]]="Oui","Oui","Non") -> Non | L15: =IF(Tableau1[[#This Row],[Régime d''utilisation (Quotidien ? Oui ou Non)]]="Oui","Oui","Non") -> Non | M15: =IF(Tableau1[[#This Row],[Régime d''utilisation (Quotidien ? Oui ou Non)]]="Oui","Oui","Non") -> Non | N15: =IF(Tableau1[[#This Row],[Régime d''utilisation (Quotidien ? Oui ou Non)]]="Oui","Oui","Non") -> Non | O15: =IF(Tableau1[[#This Row],[Régime d''utilisation (Quotidien ? Oui ou Non)]]="Oui","Oui","Non") -> Non | S15: ="Compris entre 00h00 et 5h00" -> Compris entre 00h00 et 5h00 | U15: ="Voyageur" -> Voyageur | AB15: =400 -> 400 | AC15: =IF(Tableau1[[#This Row],[Type de réponse]]='Paramètre (masquer)'!$A$10,Tableau1[[#This Row],[Période de début *]],"") | AD15: =IF(Tableau1[[#This Row],[Type de réponse]]='Paramètre (masquer)'!$A$10,Tableau1[[#This Row],[Période de fin *]],"") | AE15: =IF(Tableau1[[#This Row],[Type de réponse]]='Paramètre (masquer)'!$A$10,Tableau1[[#This Row],[Nuit LU/MA]],"") | AF15: =IF(Tableau1[[#This Row],[Type de réponse]]='Paramètre (masquer)'!$A$10,Tableau1[[#This Row],[Nuit MA/ME]],"") | AG15: =IF(Tableau1[[#This Row],[Type de réponse]]='Paramètre (masquer)'!$A$10,Tableau1[[#This Row],[Nuit ME/JE]],"") | AH15: =IF(Tableau1[[#This Row],[Type de réponse]]='Paramètre (masquer)'!$A$10,Tableau1[[#This Row],[Nuit JE/VE]],"") | AI15: =IF(Tableau1[[#This Row],[Type de réponse]]='Paramètre (masquer)'!$A$10,Tableau1[[#This Row],[Nuit VE/SA]],"") | AJ15: =IF(Tableau1[[#This Row],[Type de réponse]]='Paramètre (masquer)'!$A$10,Tableau1[[#This Row],[Nuit SA/DI]],"") | AK15: =IF(Tableau1[[#This Row],[Type de réponse]]='Paramètre (masquer)'!$A$10,Tableau1[[#This Row],[Nuit DI/LU]],"") | AL15: =IF(Tableau1[[#This Row],[Nuit LU /MA]]="Oui",0,IF(Tableau1[[#This Row],[Nuit LU /MA]]="Non",1,"")) | AM15: =IF(Tableau1[[#This Row],[Nuit MA/ ME]]="Oui",0,IF(Tableau1[[#This Row],[Nuit MA/ ME]]="Non",1,"")) | AN15: =IF(Tableau1[[#This Row],[Nuit ME/ JE]]="Oui",0,IF(Tableau1[[#This Row],[Nuit ME/ JE]]="Non",1,"")) | AO15: =IF(Tableau1[[#This Row],[Nuit JE/ VE]]="Oui",0,IF(Tableau1[[#This Row],[Nuit JE/ VE]]="Non",1,"")) | AP15: =IF(Tableau1[[#This Row],[Nuit VE/ SA]]="Oui",0,IF(Tableau1[[#This Row],[Nuit VE/ SA]]="Non",1,"")) | AQ15: =IF(Tableau1[[#This Row],[Nuit SA/ DI]]="Oui",0,IF(Tableau1[[#This Row],[Nuit SA/ DI]]="Non",1,"")) | AR15: =IF(Tableau1[[#This Row],[Nuit DI/ LU]]="Oui",0,IF(Tableau1[[#This Row],[Nuit DI/ LU]]="Non",1,"")) | AS15: =IF(Tableau1[[#This Row],[Type de réponse]]='Paramètre (masquer)'!$A$10,Tableau1[[#This Row],[FE]],"") | AT15: =_xlfn.CONCAT(Tableau1[[#This Row],[LUN]:[DIM]]) | AV15: =IF(OR(Tableau1[[#This Row],[Type de réponse]]='Paramètre (masquer)'!$A$10,Tableau1[[#This Row],[Type de réponse]]='Paramètre (masquer)'!$A$11,Tableau1[[#This Row],[Type de réponse]]='Paramètre (masquer)'!$A$12),"Déclaratif","") | AW15: =IF(Tableau1[[#This Row],[FER]]="Oui",NETWORKDAYS.INTL(Tableau1[[#This Row],[Période début]],Tableau1[[#This Row],[Période fin]],Tableau1[[#This Row],[CONCAT]]),NETWORKDAYS.INTL(Tableau1[[#This Row],[Période début]],Tableau1[[#This Row],[Période fin]],Tableau1[[#This Row],[CONCAT]],'Paramètre (masquer)'!$A$18:$A$50)) -> #VALUE! | AX15: =Tableau1[[#This Row],[Nbre de nuits sur la période]]*Tableau1[[#This Row],[Nombre de train accédant / nuit *]] -> #VALUE! | AY15: =Tableau1[[#This Row],[Uo voies - nuit]]*((59*400/1000)+5) -> #VALUE!
A16: =1+A15 -> 3 | C16: =IFERROR(VLOOKUP(Tableau1[[#This Row],[Site * Un fichier Excel par DT]],Tableau7[[#All],[Nom de la gare]:[EIC]],5,FALSE),"") | H16: =IF(Tableau1[[#This Row],[Régime d''utilisation (Quotidien ? Oui ou Non)]]="Oui","Oui","Non") -> Non | I16: =IF(Tableau1[[#This Row],[Régime d''utilisation (Quotidien ? Oui ou Non)]]="Oui","Oui","Non") -> Non | J16: =IF(Tableau1[[#This Row],[Régime d''utilisation (Quotidien ? Oui ou Non)]]="Oui","Oui","Non") -> Non | K16: =IF(Tableau1[[#This Row],[Régime d''utilisation (Quotidien ? Oui ou Non)]]="Oui","Oui","Non") -> Non | L16: =IF(Tableau1[[#This Row],[Régime d''utilisation (Quotidien ? Oui ou Non)]]="Oui","Oui","Non") -> Non | M16: =IF(Tableau1[[#This Row],[Régime d''utilisation (Quotidien ? Oui ou Non)]]="Oui","Oui","Non") -> Non | N16: =IF(Tableau1[[#This Row],[Régime d''utilisation (Quotidien ? Oui ou Non)]]="Oui","Oui","Non") -> Non | O16: =IF(Tableau1[[#This Row],[Régime d''utilisation (Quotidien ? Oui ou Non)]]="Oui","Oui","Non") -> Non | S16: ="Compris entre 00h00 et 5h00" -> Compris entre 00h00 et 5h00 | U16: ="Voyageur" -> Voyageur | AB16: =400 -> 400 | AC16: =IF(Tableau1[[#This Row],[Type de réponse]]='Paramètre (masquer)'!$A$10,Tableau1[[#This Row],[Période de début *]],"") | AD16: =IF(Tableau1[[#This Row],[Type de réponse]]='Paramètre (masquer)'!$A$10,Tableau1[[#This Row],[Période de fin *]],"") | AE16: =IF(Tableau1[[#This Row],[Type de réponse]]='Paramètre (masquer)'!$A$10,Tableau1[[#This Row],[Nuit LU/MA]],"") | AF16: =IF(Tableau1[[#This Row],[Type de réponse]]='Paramètre (masquer)'!$A$10,Tableau1[[#This Row],[Nuit MA/ME]],"") | AG16: =IF(Tableau1[[#This Row],[Type de réponse]]='Paramètre (masquer)'!$A$10,Tableau1[[#This Row],[Nuit ME/JE]],"") | AH16: =IF(Tableau1[[#This Row],[Type de réponse]]='Paramètre (masquer)'!$A$10,Tableau1[[#This Row],[Nuit JE/VE]],"") | AI16: =IF(Tableau1[[#This Row],[Type de réponse]]='Paramètre (masquer)'!$A$10,Tableau1[[#This Row],[Nuit VE/SA]],"") | AJ16: =IF(Tableau1[[#This Row],[Type de réponse]]='Paramètre (masquer)'!$A$10,Tableau1[[#This Row],[Nuit SA/DI]],"") | AK16: =IF(Tableau1[[#This Row],[Type de réponse]]='Paramètre (masquer)'!$A$10,Tableau1[[#This Row],[Nuit DI/LU]],"") | AL16: =IF(Tableau1[[#This Row],[Nuit LU /MA]]="Oui",0,IF(Tableau1[[#This Row],[Nuit LU /MA]]="Non",1,"")) | AM16: =IF(Tableau1[[#This Row],[Nuit MA/ ME]]="Oui",0,IF(Tableau1[[#This Row],[Nuit MA/ ME]]="Non",1,"")) | AN16: =IF(Tableau1[[#This Row],[Nuit ME/ JE]]="Oui",0,IF(Tableau1[[#This Row],[Nuit ME/ JE]]="Non",1,"")) | AO16: =IF(Tableau1[[#This Row],[Nuit JE/ VE]]="Oui",0,IF(Tableau1[[#This Row],[Nuit JE/ VE]]="Non",1,"")) | AP16: =IF(Tableau1[[#This Row],[Nuit VE/ SA]]="Oui",0,IF(Tableau1[[#This Row],[Nuit VE/ SA]]="Non",1,"")) | AQ16: =IF(Tableau1[[#This Row],[Nuit SA/ DI]]="Oui",0,IF(Tableau1[[#This Row],[Nuit SA/ DI]]="Non",1,"")) | AR16: =IF(Tableau1[[#This Row],[Nuit DI/ LU]]="Oui",0,IF(Tableau1[[#This Row],[Nuit DI/ LU]]="Non",1,"")) | AS16: =IF(Tableau1[[#This Row],[Type de réponse]]='Paramètre (masquer)'!$A$10,Tableau1[[#This Row],[FE]],"") | AT16: =_xlfn.CONCAT(Tableau1[[#This Row],[LUN]:[DIM]]) | AV16: =IF(OR(Tableau1[[#This Row],[Type de réponse]]='Paramètre (masquer)'!$A$10,Tableau1[[#This Row],[Type de réponse]]='Paramètre (masquer)'!$A$11,Tableau1[[#This Row],[Type de réponse]]='Paramètre (masquer)'!$A$12),"Déclaratif","") | AW16: =IF(Tableau1[[#This Row],[FER]]="Oui",NETWORKDAYS.INTL(Tableau1[[#This Row],[Période début]],Tableau1[[#This Row],[Période fin]],Tableau1[[#This Row],[CONCAT]]),NETWORKDAYS.INTL(Tableau1[[#This Row],[Période début]],Tableau1[[#This Row],[Période fin]],Tableau1[[#This Row],[CONCAT]],'Paramètre (masquer)'!$A$18:$A$50)) -> #VALUE! | AX16: =Tableau1[[#This Row],[Nbre de nuits sur la période]]*Tableau1[[#This Row],[Nombre de train accédant / nuit *]] -> #VALUE! | AY16: =Tableau1[[#This Row],[Uo voies - nuit]]*((59*400/1000)+5) -> #VALUE!
A17: =1+A16 -> 4 | C17: =IFERROR(VLOOKUP(Tableau1[[#This Row],[Site * Un fichier Excel par DT]],Tableau7[[#All],[Nom de la gare]:[EIC]],5,FALSE),"") | H17: =IF(Tableau1[[#This Row],[Régime d''utilisation (Quotidien ? Oui ou Non)]]="Oui","Oui","Non") -> Non | I17: =IF(Tableau1[[#This Row],[Régime d''utilisation (Quotidien ? Oui ou Non)]]="Oui","Oui","Non") -> Non | J17: =IF(Tableau1[[#This Row],[Régime d''utilisation (Quotidien ? Oui ou Non)]]="Oui","Oui","Non") -> Non | K17: =IF(Tableau1[[#This Row],[Régime d''utilisation (Quotidien ? Oui ou Non)]]="Oui","Oui","Non") -> Non | L17: =IF(Tableau1[[#This Row],[Régime d''utilisation (Quotidien ? Oui ou Non)]]="Oui","Oui","Non") -> Non | M17: =IF(Tableau1[[#This Row],[Régime d''utilisation (Quotidien ? Oui ou Non)]]="Oui","Oui","Non") -> Non | N17: =IF(Tableau1[[#This Row],[Régime d''utilisation (Quotidien ? Oui ou Non)]]="Oui","Oui","Non") -> Non | O17: =IF(Tableau1[[#This Row],[Régime d''utilisation (Quotidien ? Oui ou Non)]]="Oui","Oui","Non") -> Non | S17: ="Compris entre 00h00 et 5h00" -> Compris entre 00h00 et 5h00 | U17: ="Voyageur" -> Voyageur | AB17: =400 -> 400 | AC17: =IF(Tableau1[[#This Row],[Type de réponse]]='Paramètre (masquer)'!$A$10,Tableau1[[#This Row],[Période de début *]],"") | AD17: =IF(Tableau1[[#This Row],[Type de réponse]]='Paramètre (masquer)'!$A$10,Tableau1[[#This Row],[Période de fin *]],"") | AE17: =IF(Tableau1[[#This Row],[Type de réponse]]='Paramètre (masquer)'!$A$10,Tableau1[[#This Row],[Nuit LU/MA]],"") | AF17: =IF(Tableau1[[#This Row],[Type de réponse]]='Paramètre (masquer)'!$A$10,Tableau1[[#This Row],[Nuit MA/ME]],"") | AG17: =IF(Tableau1[[#This Row],[Type de réponse]]='Paramètre (masquer)'!$A$10,Tableau1[[#This Row],[Nuit ME/JE]],"") | AH17: =IF(Tableau1[[#This Row],[Type de réponse]]='Paramètre (masquer)'!$A$10,Tableau1[[#This Row],[Nuit JE/VE]],"") | AI17: =IF(Tableau1[[#This Row],[Type de réponse]]='Paramètre (masquer)'!$A$10,Tableau1[[#This Row],[Nuit VE/SA]],"") | AJ17: =IF(Tableau1[[#This Row],[Type de réponse]]='Paramètre (masquer)'!$A$10,Tableau1[[#This Row],[Nuit SA/DI]],"") | AK17: =IF(Tableau1[[#This Row],[Type de réponse]]='Paramètre (masquer)'!$A$10,Tableau1[[#This Row],[Nuit DI/LU]],"") | AL17: =IF(Tableau1[[#This Row],[Nuit LU /MA]]="Oui",0,IF(Tableau1[[#This Row],[Nuit LU /MA]]="Non",1,"")) | AM17: =IF(Tableau1[[#This Row],[Nuit MA/ ME]]="Oui",0,IF(Tableau1[[#This Row],[Nuit MA/ ME]]="Non",1,"")) | AN17: =IF(Tableau1[[#This Row],[Nuit ME/ JE]]="Oui",0,IF(Tableau1[[#This Row],[Nuit ME/ JE]]="Non",1,"")) | AO17: =IF(Tableau1[[#This Row],[Nuit JE/ VE]]="Oui",0,IF(Tableau1[[#This Row],[Nuit JE/ VE]]="Non",1,"")) | AP17: =IF(Tableau1[[#This Row],[Nuit VE/ SA]]="Oui",0,IF(Tableau1[[#This Row],[Nuit VE/ SA]]="Non",1,"")) | AQ17: =IF(Tableau1[[#This Row],[Nuit SA/ DI]]="Oui",0,IF(Tableau1[[#This Row],[Nuit SA/ DI]]="Non",1,"")) | AR17: =IF(Tableau1[[#This Row],[Nuit DI/ LU]]="Oui",0,IF(Tableau1[[#This Row],[Nuit DI/ LU]]="Non",1,"")) | AS17: =IF(Tableau1[[#This Row],[Type de réponse]]='Paramètre (masquer)'!$A$10,Tableau1[[#This Row],[FE]],"") | AT17: =_xlfn.CONCAT(Tableau1[[#This Row],[LUN]:[DIM]]) | AV17: =IF(OR(Tableau1[[#This Row],[Type de réponse]]='Paramètre (masquer)'!$A$10,Tableau1[[#This Row],[Type de réponse]]='Paramètre (masquer)'!$A$11,Tableau1[[#This Row],[Type de réponse]]='Paramètre (masquer)'!$A$12),"Déclaratif","") | AW17: =IF(Tableau1[[#This Row],[FER]]="Oui",NETWORKDAYS.INTL(Tableau1[[#This Row],[Période début]],Tableau1[[#This Row],[Période fin]],Tableau1[[#This Row],[CONCAT]]),NETWORKDAYS.INTL(Tableau1[[#This Row],[Période début]],Tableau1[[#This Row],[Période fin]],Tableau1[[#This Row],[CONCAT]],'Paramètre (masquer)'!$A$18:$A$50)) -> #VALUE! | AX17: =Tableau1[[#This Row],[Nbre de nuits sur la période]]*Tableau1[[#This Row],[Nombre de train accédant / nuit *]] -> #VALUE! | AY17: =Tableau1[[#This Row],[Uo voies - nuit]]*((59*400/1000)+5) -> #VALUE!
A18: =1+A17 -> 5 | C18: =IFERROR(VLOOKUP(Tableau1[[#This Row],[Site * Un fichier Excel par DT]],Tableau7[[#All],[Nom de la gare]:[EIC]],5,FALSE),"") | H18: =IF(Tableau1[[#This Row],[Régime d''utilisation (Quotidien ? Oui ou Non)]]="Oui","Oui","Non") -> Non | I18: =IF(Tableau1[[#This Row],[Régime d''utilisation (Quotidien ? Oui ou Non)]]="Oui","Oui","Non") -> Non | J18: =IF(Tableau1[[#This Row],[Régime d''utilisation (Quotidien ? Oui ou Non)]]="Oui","Oui","Non") -> Non | K18: =IF(Tableau1[[#This Row],[Régime d''utilisation (Quotidien ? Oui ou Non)]]="Oui","Oui","Non") -> Non | L18: =IF(Tableau1[[#This Row],[Régime d''utilisation (Quotidien ? Oui ou Non)]]="Oui","Oui","Non") -> Non | M18: =IF(Tableau1[[#This Row],[Régime d''utilisation (Quotidien ? Oui ou Non)]]="Oui","Oui","Non") -> Non | N18: =IF(Tableau1[[#This Row],[Régime d''utilisation (Quotidien ? Oui ou Non)]]="Oui","Oui","Non") -> Non | O18: =IF(Tableau1[[#This Row],[Régime d''utilisation (Quotidien ? Oui ou Non)]]="Oui","Oui","Non") -> Non | S18: ="Compris entre 00h00 et 5h00" -> Compris entre 00h00 et 5h00 | U18: ="Voyageur" -> Voyageur | AB18: =400 -> 400 | AC18: =IF(Tableau1[[#This Row],[Type de réponse]]='Paramètre (masquer)'!$A$10,Tableau1[[#This Row],[Période de début *]],"") | AD18: =IF(Tableau1[[#This Row],[Type de réponse]]='Paramètre (masquer)'!$A$10,Tableau1[[#This Row],[Période de fin *]],"") | AE18: =IF(Tableau1[[#This Row],[Type de réponse]]='Paramètre (masquer)'!$A$10,Tableau1[[#This Row],[Nuit LU/MA]],"") | AF18: =IF(Tableau1[[#This Row],[Type de réponse]]='Paramètre (masquer)'!$A$10,Tableau1[[#This Row],[Nuit MA/ME]],"") | AG18: =IF(Tableau1[[#This Row],[Type de réponse]]='Paramètre (masquer)'!$A$10,Tableau1[[#This Row],[Nuit ME/JE]],"") | AH18: =IF(Tableau1[[#This Row],[Type de réponse]]='Paramètre (masquer)'!$A$10,Tableau1[[#This Row],[Nuit JE/VE]],"") | AI18: =IF(Tableau1[[#This Row],[Type de réponse]]='Paramètre (masquer)'!$A$10,Tableau1[[#This Row],[Nuit VE/SA]],"") | AJ18: =IF(Tableau1[[#This Row],[Type de réponse]]='Paramètre (masquer)'!$A$10,Tableau1[[#This Row],[Nuit SA/DI]],"") | AK18: =IF(Tableau1[[#This Row],[Type de réponse]]='Paramètre (masquer)'!$A$10,Tableau1[[#This Row],[Nuit DI/LU]],"") | AL18: =IF(Tableau1[[#This Row],[Nuit LU /MA]]="Oui",0,IF(Tableau1[[#This Row],[Nuit LU /MA]]="Non",1,"")) | AM18: =IF(Tableau1[[#This Row],[Nuit MA/ ME]]="Oui",0,IF(Tableau1[[#This Row],[Nuit MA/ ME]]="Non",1,"")) | AN18: =IF(Tableau1[[#This Row],[Nuit ME/ JE]]="Oui",0,IF(Tableau1[[#This Row],[Nuit ME/ JE]]="Non",1,"")) | AO18: =IF(Tableau1[[#This Row],[Nuit JE/ VE]]="Oui",0,IF(Tableau1[[#This Row],[Nuit JE/ VE]]="Non",1,"")) | AP18: =IF(Tableau1[[#This Row],[Nuit VE/ SA]]="Oui",0,IF(Tableau1[[#This Row],[Nuit VE/ SA]]="Non",1,"")) | AQ18: =IF(Tableau1[[#This Row],[Nuit SA/ DI]]="Oui",0,IF(Tableau1[[#This Row],[Nuit SA/ DI]]="Non",1,"")) | AR18: =IF(Tableau1[[#This Row],[Nuit DI/ LU]]="Oui",0,IF(Tableau1[[#This Row],[Nuit DI/ LU]]="Non",1,"")) | AS18: =IF(Tableau1[[#This Row],[Type de réponse]]='Paramètre (masquer)'!$A$10,Tableau1[[#This Row],[FE]],"") | AT18: =_xlfn.CONCAT(Tableau1[[#This Row],[LUN]:[DIM]]) | AV18: =IF(OR(Tableau1[[#This Row],[Type de réponse]]='Paramètre (masquer)'!$A$10,Tableau1[[#This Row],[Type de réponse]]='Paramètre (masquer)'!$A$11,Tableau1[[#This Row],[Type de réponse]]='Paramètre (masquer)'!$A$12),"Déclaratif","") | AW18: =IF(Tableau1[[#This Row],[FER]]="Oui",NETWORKDAYS.INTL(Tableau1[[#This Row],[Période début]],Tableau1[[#This Row],[Période fin]],Tableau1[[#This Row],[CONCAT]]),NETWORKDAYS.INTL(Tableau1[[#This Row],[Période début]],Tableau1[[#This Row],[Période fin]],Tableau1[[#This Row],[CONCAT]],'Paramètre (masquer)'!$A$18:$A$50)) -> #VALUE! | AX18: =Tableau1[[#This Row],[Nbre de nuits sur la période]]*Tableau1[[#This Row],[Nombre de train accédant / nuit *]] -> #VALUE! | AY18: =Tableau1[[#This Row],[Uo voies - nuit]]*((59*400/1000)+5) -> #VALUE!
A19: =1+A18 -> 6 | C19: =IFERROR(VLOOKUP(Tableau1[[#This Row],[Site * Un fichier Excel par DT]],Tableau7[[#All],[Nom de la gare]:[EIC]],5,FALSE),"") | H19: =IF(Tableau1[[#This Row],[Régime d''utilisation (Quotidien ? Oui ou Non)]]="Oui","Oui","Non") -> Non | I19: =IF(Tableau1[[#This Row],[Régime d''utilisation (Quotidien ? Oui ou Non)]]="Oui","Oui","Non") -> Non | J19: =IF(Tableau1[[#This Row],[Régime d''utilisation (Quotidien ? Oui ou Non)]]="Oui","Oui","Non") -> Non | K19: =IF(Tableau1[[#This Row],[Régime d''utilisation (Quotidien ? Oui ou Non)]]="Oui","Oui","Non") -> Non | L19: =IF(Tableau1[[#This Row],[Régime d''utilisation (Quotidien ? Oui ou Non)]]="Oui","Oui","Non") -> Non | M19: =IF(Tableau1[[#This Row],[Régime d''utilisation (Quotidien ? Oui ou Non)]]="Oui","Oui","Non") -> Non | N19: =IF(Tableau1[[#This Row],[Régime d''utilisation (Quotidien ? Oui ou Non)]]="Oui","Oui","Non") -> Non | O19: =IF(Tableau1[[#This Row],[Régime d''utilisation (Quotidien ? Oui ou Non)]]="Oui","Oui","Non") -> Non | S19: ="Compris entre 00h00 et 5h00" -> Compris entre 00h00 et 5h00 | U19: ="Voyageur" -> Voyageur | AB19: =400 -> 400 | AC19: =IF(Tableau1[[#This Row],[Type de réponse]]='Paramètre (masquer)'!$A$10,Tableau1[[#This Row],[Période de début *]],"") | AD19: =IF(Tableau1[[#This Row],[Type de réponse]]='Paramètre (masquer)'!$A$10,Tableau1[[#This Row],[Période de fin *]],"") | AE19: =IF(Tableau1[[#This Row],[Type de réponse]]='Paramètre (masquer)'!$A$10,Tableau1[[#This Row],[Nuit LU/MA]],"") | AF19: =IF(Tableau1[[#This Row],[Type de réponse]]='Paramètre (masquer)'!$A$10,Tableau1[[#This Row],[Nuit MA/ME]],"") | AG19: =IF(Tableau1[[#This Row],[Type de réponse]]='Paramètre (masquer)'!$A$10,Tableau1[[#This Row],[Nuit ME/JE]],"") | AH19: =IF(Tableau1[[#This Row],[Type de réponse]]='Paramètre (masquer)'!$A$10,Tableau1[[#This Row],[Nuit JE/VE]],"") | AI19: =IF(Tableau1[[#This Row],[Type de réponse]]='Paramètre (masquer)'!$A$10,Tableau1[[#This Row],[Nuit VE/SA]],"") | AJ19: =IF(Tableau1[[#This Row],[Type de réponse]]='Paramètre (masquer)'!$A$10,Tableau1[[#This Row],[Nuit SA/DI]],"") | AK19: =IF(Tableau1[[#This Row],[Type de réponse]]='Paramètre (masquer)'!$A$10,Tableau1[[#This Row],[Nuit DI/LU]],"") | AL19: =IF(Tableau1[[#This Row],[Nuit LU /MA]]="Oui",0,IF(Tableau1[[#This Row],[Nuit LU /MA]]="Non",1,"")) | AM19: =IF(Tableau1[[#This Row],[Nuit MA/ ME]]="Oui",0,IF(Tableau1[[#This Row],[Nuit MA/ ME]]="Non",1,"")) | AN19: =IF(Tableau1[[#This Row],[Nuit ME/ JE]]="Oui",0,IF(Tableau1[[#This Row],[Nuit ME/ JE]]="Non",1,"")) | AO19: =IF(Tableau1[[#This Row],[Nuit JE/ VE]]="Oui",0,IF(Tableau1[[#This Row],[Nuit JE/ VE]]="Non",1,"")) | AP19: =IF(Tableau1[[#This Row],[Nuit VE/ SA]]="Oui",0,IF(Tableau1[[#This Row],[Nuit VE/ SA]]="Non",1,"")) | AQ19: =IF(Tableau1[[#This Row],[Nuit SA/ DI]]="Oui",0,IF(Tableau1[[#This Row],[Nuit SA/ DI]]="Non",1,"")) | AR19: =IF(Tableau1[[#This Row],[Nuit DI/ LU]]="Oui",0,IF(Tableau1[[#This Row],[Nuit DI/ LU]]="Non",1,"")) | AS19: =IF(Tableau1[[#This Row],[Type de réponse]]='Paramètre (masquer)'!$A$10,Tableau1[[#This Row],[FE]],"") | AT19: =_xlfn.CONCAT(Tableau1[[#This Row],[LUN]:[DIM]]) | AV19: =IF(OR(Tableau1[[#This Row],[Type de réponse]]='Paramètre (masquer)'!$A$10,Tableau1[[#This Row],[Type de réponse]]='Paramètre (masquer)'!$A$11,Tableau1[[#This Row],[Type de réponse]]='Paramètre (masquer)'!$A$12),"Déclaratif","") | AW19: =IF(Tableau1[[#This Row],[FER]]="Oui",NETWORKDAYS.INTL(Tableau1[[#This Row],[Période début]],Tableau1[[#This Row],[Période fin]],Tableau1[[#This Row],[CONCAT]]),NETWORKDAYS.INTL(Tableau1[[#This Row],[Période début]],Tableau1[[#This Row],[Période fin]],Tableau1[[#This Row],[CONCAT]],'Paramètre (masquer)'!$A$18:$A$50)) -> #VALUE! | AX19: =Tableau1[[#This Row],[Nbre de nuits sur la période]]*Tableau1[[#This Row],[Nombre de train accédant / nuit *]] -> #VALUE! | AY19: =Tableau1[[#This Row],[Uo voies - nuit]]*((59*400/1000)+5) -> #VALUE!
A20: =1+A19 -> 7 | C20: =IFERROR(VLOOKUP(Tableau1[[#This Row],[Site * Un fichier Excel par DT]],Tableau7[[#All],[Nom de la gare]:[EIC]],5,FALSE),"") | H20: =IF(Tableau1[[#This Row],[Régime d''utilisation (Quotidien ? Oui ou Non)]]="Oui","Oui","Non") -> Non | I20: =IF(Tableau1[[#This Row],[Régime d''utilisation (Quotidien ? Oui ou Non)]]="Oui","Oui","Non") -> Non | J20: =IF(Tableau1[[#This Row],[Régime d''utilisation (Quotidien ? Oui ou Non)]]="Oui","Oui","Non") -> Non | K20: =IF(Tableau1[[#This Row],[Régime d''utilisation (Quotidien ? Oui ou Non)]]="Oui","Oui","Non") -> Non | L20: =IF(Tableau1[[#This Row],[Régime d''utilisation (Quotidien ? Oui ou Non)]]="Oui","Oui","Non") -> Non | M20: =IF(Tableau1[[#This Row],[Régime d''utilisation (Quotidien ? Oui ou Non)]]="Oui","Oui","Non") -> Non | N20: =IF(Tableau1[[#This Row],[Régime d''utilisation (Quotidien ? Oui ou Non)]]="Oui","Oui","Non") -> Non | O20: =IF(Tableau1[[#This Row],[Régime d''utilisation (Quotidien ? Oui ou Non)]]="Oui","Oui","Non") -> Non | S20: ="Compris entre 00h00 et 5h00" -> Compris entre 00h00 et 5h00 | U20: ="Voyageur" -> Voyageur | AB20: =400 -> 400 | AC20: =IF(Tableau1[[#This Row],[Type de réponse]]='Paramètre (masquer)'!$A$10,Tableau1[[#This Row],[Période de début *]],"") | AD20: =IF(Tableau1[[#This Row],[Type de réponse]]='Paramètre (masquer)'!$A$10,Tableau1[[#This Row],[Période de fin *]],"") | AE20: =IF(Tableau1[[#This Row],[Type de réponse]]='Paramètre (masquer)'!$A$10,Tableau1[[#This Row],[Nuit LU/MA]],"") | AF20: =IF(Tableau1[[#This Row],[Type de réponse]]='Paramètre (masquer)'!$A$10,Tableau1[[#This Row],[Nuit MA/ME]],"") | AG20: =IF(Tableau1[[#This Row],[Type de réponse]]='Paramètre (masquer)'!$A$10,Tableau1[[#This Row],[Nuit ME/JE]],"") | AH20: =IF(Tableau1[[#This Row],[Type de réponse]]='Paramètre (masquer)'!$A$10,Tableau1[[#This Row],[Nuit JE/VE]],"") | AI20: =IF(Tableau1[[#This Row],[Type de réponse]]='Paramètre (masquer)'!$A$10,Tableau1[[#This Row],[Nuit VE/SA]],"") | AJ20: =IF(Tableau1[[#This Row],[Type de réponse]]='Paramètre (masquer)'!$A$10,Tableau1[[#This Row],[Nuit SA/DI]],"") | AK20: =IF(Tableau1[[#This Row],[Type de réponse]]='Paramètre (masquer)'!$A$10,Tableau1[[#This Row],[Nuit DI/LU]],"") | AL20: =IF(Tableau1[[#This Row],[Nuit LU /MA]]="Oui",0,IF(Tableau1[[#This Row],[Nuit LU /MA]]="Non",1,"")) | AM20: =IF(Tableau1[[#This Row],[Nuit MA/ ME]]="Oui",0,IF(Tableau1[[#This Row],[Nuit MA/ ME]]="Non",1,"")) | AN20: =IF(Tableau1[[#This Row],[Nuit ME/ JE]]="Oui",0,IF(Tableau1[[#This Row],[Nuit ME/ JE]]="Non",1,"")) | AO20: =IF(Tableau1[[#This Row],[Nuit JE/ VE]]="Oui",0,IF(Tableau1[[#This Row],[Nuit JE/ VE]]="Non",1,"")) | AP20: =IF(Tableau1[[#This Row],[Nuit VE/ SA]]="Oui",0,IF(Tableau1[[#This Row],[Nuit VE/ SA]]="Non",1,"")) | AQ20: =IF(Tableau1[[#This Row],[Nuit SA/ DI]]="Oui",0,IF(Tableau1[[#This Row],[Nuit SA/ DI]]="Non",1,"")) | AR20: =IF(Tableau1[[#This Row],[Nuit DI/ LU]]="Oui",0,IF(Tableau1[[#This Row],[Nuit DI/ LU]]="Non",1,"")) | AS20: =IF(Tableau1[[#This Row],[Type de réponse]]='Paramètre (masquer)'!$A$10,Tableau1[[#This Row],[FE]],"") | AT20: =_xlfn.CONCAT(Tableau1[[#This Row],[LUN]:[DIM]]) | AV20: =IF(OR(Tableau1[[#This Row],[Type de réponse]]='Paramètre (masquer)'!$A$10,Tableau1[[#This Row],[Type de réponse]]='Paramètre (masquer)'!$A$11,Tableau1[[#This Row],[Type de réponse]]='Paramètre (masquer)'!$A$12),"Déclaratif","") | AW20: =IF(Tableau1[[#This Row],[FER]]="Oui",NETWORKDAYS.INTL(Tableau1[[#This Row],[Période début]],Tableau1[[#This Row],[Période fin]],Tableau1[[#This Row],[CONCAT]]),NETWORKDAYS.INTL(Tableau1[[#This Row],[Période début]],Tableau1[[#This Row],[Période fin]],Tableau1[[#This Row],[CONCAT]],'Paramètre (masquer)'!$A$18:$A$50)) -> #VALUE! | AX20: =Tableau1[[#This Row],[Nbre de nuits sur la période]]*Tableau1[[#This Row],[Nombre de train accédant / nuit *]] -> #VALUE! | AY20: =Tableau1[[#This Row],[Uo voies - nuit]]*((59*400/1000)+5) -> #VALUE!
A21: =1+A20 -> 8 | C21: =IFERROR(VLOOKUP(Tableau1[[#This Row],[Site * Un fichier Excel par DT]],Tableau7[[#All],[Nom de la gare]:[EIC]],5,FALSE),"") | H21: =IF(Tableau1[[#This Row],[Régime d''utilisation (Quotidien ? Oui ou Non)]]="Oui","Oui","Non") -> Non | I21: =IF(Tableau1[[#This Row],[Régime d''utilisation (Quotidien ? Oui ou Non)]]="Oui","Oui","Non") -> Non | J21: =IF(Tableau1[[#This Row],[Régime d''utilisation (Quotidien ? Oui ou Non)]]="Oui","Oui","Non") -> Non | K21: =IF(Tableau1[[#This Row],[Régime d''utilisation (Quotidien ? Oui ou Non)]]="Oui","Oui","Non") -> Non | L21: =IF(Tableau1[[#This Row],[Régime d''utilisation (Quotidien ? Oui ou Non)]]="Oui","Oui","Non") -> Non | M21: =IF(Tableau1[[#This Row],[Régime d''utilisation (Quotidien ? Oui ou Non)]]="Oui","Oui","Non") -> Non | N21: =IF(Tableau1[[#This Row],[Régime d''utilisation (Quotidien ? Oui ou Non)]]="Oui","Oui","Non") -> Non | O21: =IF(Tableau1[[#This Row],[Régime d''utilisation (Quotidien ? Oui ou Non)]]="Oui","Oui","Non") -> Non | S21: ="Compris entre 00h00 et 5h00" -> Compris entre 00h00 et 5h00 | U21: ="Voyageur" -> Voyageur | AB21: =400 -> 400 | AC21: =IF(Tableau1[[#This Row],[Type de réponse]]='Paramètre (masquer)'!$A$10,Tableau1[[#This Row],[Période de début *]],"") | AD21: =IF(Tableau1[[#This Row],[Type de réponse]]='Paramètre (masquer)'!$A$10,Tableau1[[#This Row],[Période de fin *]],"") | AE21: =IF(Tableau1[[#This Row],[Type de réponse]]='Paramètre (masquer)'!$A$10,Tableau1[[#This Row],[Nuit LU/MA]],"") | AF21: =IF(Tableau1[[#This Row],[Type de réponse]]='Paramètre (masquer)'!$A$10,Tableau1[[#This Row],[Nuit MA/ME]],"") | AG21: =IF(Tableau1[[#This Row],[Type de réponse]]='Paramètre (masquer)'!$A$10,Tableau1[[#This Row],[Nuit ME/JE]],"") | AH21: =IF(Tableau1[[#This Row],[Type de réponse]]='Paramètre (masquer)'!$A$10,Tableau1[[#This Row],[Nuit JE/VE]],"") | AI21: =IF(Tableau1[[#This Row],[Type de réponse]]='Paramètre (masquer)'!$A$10,Tableau1[[#This Row],[Nuit VE/SA]],"") | AJ21: =IF(Tableau1[[#This Row],[Type de réponse]]='Paramètre (masquer)'!$A$10,Tableau1[[#This Row],[Nuit SA/DI]],"") | AK21: =IF(Tableau1[[#This Row],[Type de réponse]]='Paramètre (masquer)'!$A$10,Tableau1[[#This Row],[Nuit DI/LU]],"") | AL21: =IF(Tableau1[[#This Row],[Nuit LU /MA]]="Oui",0,IF(Tableau1[[#This Row],[Nuit LU /MA]]="Non",1,"")) | AM21: =IF(Tableau1[[#This Row],[Nuit MA/ ME]]="Oui",0,IF(Tableau1[[#This Row],[Nuit MA/ ME]]="Non",1,"")) | AN21: =IF(Tableau1[[#This Row],[Nuit ME/ JE]]="Oui",0,IF(Tableau1[[#This Row],[Nuit ME/ JE]]="Non",1,"")) | AO21: =IF(Tableau1[[#This Row],[Nuit JE/ VE]]="Oui",0,IF(Tableau1[[#This Row],[Nuit JE/ VE]]="Non",1,"")) | AP21: =IF(Tableau1[[#This Row],[Nuit VE/ SA]]="Oui",0,IF(Tableau1[[#This Row],[Nuit VE/ SA]]="Non",1,"")) | AQ21: =IF(Tableau1[[#This Row],[Nuit SA/ DI]]="Oui",0,IF(Tableau1[[#This Row],[Nuit SA/ DI]]="Non",1,"")) | AR21: =IF(Tableau1[[#This Row],[Nuit DI/ LU]]="Oui",0,IF(Tableau1[[#This Row],[Nuit DI/ LU]]="Non",1,"")) | AS21: =IF(Tableau1[[#This Row],[Type de réponse]]='Paramètre (masquer)'!$A$10,Tableau1[[#This Row],[FE]],"") | AT21: =_xlfn.CONCAT(Tableau1[[#This Row],[LUN]:[DIM]]) | AV21: =IF(OR(Tableau1[[#This Row],[Type de réponse]]='Paramètre (masquer)'!$A$10,Tableau1[[#This Row],[Type de réponse]]='Paramètre (masquer)'!$A$11,Tableau1[[#This Row],[Type de réponse]]='Paramètre (masquer)'!$A$12),"Déclaratif","") | AW21: =IF(Tableau1[[#This Row],[FER]]="Oui",NETWORKDAYS.INTL(Tableau1[[#This Row],[Période début]],Tableau1[[#This Row],[Période fin]],Tableau1[[#This Row],[CONCAT]]),NETWORKDAYS.INTL(Tableau1[[#This Row],[Période début]],Tableau1[[#This Row],[Période fin]],Tableau1[[#This Row],[CONCAT]],'Paramètre (masquer)'!$A$18:$A$50)) -> #VALUE! | AX21: =Tableau1[[#This Row],[Nbre de nuits sur la période]]*Tableau1[[#This Row],[Nombre de train accédant / nuit *]] -> #VALUE! | AY21: =Tableau1[[#This Row],[Uo voies - nuit]]*((59*400/1000)+5) -> #VALUE!
A22: =1+A21 -> 9 | C22: =IFERROR(VLOOKUP(Tableau1[[#This Row],[Site * Un fichier Excel par DT]],Tableau7[[#All],[Nom de la gare]:[EIC]],5,FALSE),"") | H22: =IF(Tableau1[[#This Row],[Régime d''utilisation (Quotidien ? Oui ou Non)]]="Oui","Oui","Non") -> Non | I22: =IF(Tableau1[[#This Row],[Régime d''utilisation (Quotidien ? Oui ou Non)]]="Oui","Oui","Non") -> Non | J22: =IF(Tableau1[[#This Row],[Régime d''utilisation (Quotidien ? Oui ou Non)]]="Oui","Oui","Non") -> Non | K22: =IF(Tableau1[[#This Row],[Régime d''utilisation (Quotidien ? Oui ou Non)]]="Oui","Oui","Non") -> Non | L22: =IF(Tableau1[[#This Row],[Régime d''utilisation (Quotidien ? Oui ou Non)]]="Oui","Oui","Non") -> Non | M22: =IF(Tableau1[[#This Row],[Régime d''utilisation (Quotidien ? Oui ou Non)]]="Oui","Oui","Non") -> Non | N22: =IF(Tableau1[[#This Row],[Régime d''utilisation (Quotidien ? Oui ou Non)]]="Oui","Oui","Non") -> Non | O22: =IF(Tableau1[[#This Row],[Régime d''utilisation (Quotidien ? Oui ou Non)]]="Oui","Oui","Non") -> Non | S22: ="Compris entre 00h00 et 5h00" -> Compris entre 00h00 et 5h00 | U22: ="Voyageur" -> Voyageur | AB22: =400 -> 400 | AC22: =IF(Tableau1[[#This Row],[Type de réponse]]='Paramètre (masquer)'!$A$10,Tableau1[[#This Row],[Période de début *]],"") | AD22: =IF(Tableau1[[#This Row],[Type de réponse]]='Paramètre (masquer)'!$A$10,Tableau1[[#This Row],[Période de fin *]],"") | AE22: =IF(Tableau1[[#This Row],[Type de réponse]]='Paramètre (masquer)'!$A$10,Tableau1[[#This Row],[Nuit LU/MA]],"") | AF22: =IF(Tableau1[[#This Row],[Type de réponse]]='Paramètre (masquer)'!$A$10,Tableau1[[#This Row],[Nuit MA/ME]],"") | AG22: =IF(Tableau1[[#This Row],[Type de réponse]]='Paramètre (masquer)'!$A$10,Tableau1[[#This Row],[Nuit ME/JE]],"") | AH22: =IF(Tableau1[[#This Row],[Type de réponse]]='Paramètre (masquer)'!$A$10,Tableau1[[#This Row],[Nuit JE/VE]],"") | AI22: =IF(Tableau1[[#This Row],[Type de réponse]]='Paramètre (masquer)'!$A$10,Tableau1[[#This Row],[Nuit VE/SA]],"") | AJ22: =IF(Tableau1[[#This Row],[Type de réponse]]='Paramètre (masquer)'!$A$10,Tableau1[[#This Row],[Nuit SA/DI]],"") | AK22: =IF(Tableau1[[#This Row],[Type de réponse]]='Paramètre (masquer)'!$A$10,Tableau1[[#This Row],[Nuit DI/LU]],"") | AL22: =IF(Tableau1[[#This Row],[Nuit LU /MA]]="Oui",0,IF(Tableau1[[#This Row],[Nuit LU /MA]]="Non",1,"")) | AM22: =IF(Tableau1[[#This Row],[Nuit MA/ ME]]="Oui",0,IF(Tableau1[[#This Row],[Nuit MA/ ME]]="Non",1,"")) | AN22: =IF(Tableau1[[#This Row],[Nuit ME/ JE]]="Oui",0,IF(Tableau1[[#This Row],[Nuit ME/ JE]]="Non",1,"")) | AO22: =IF(Tableau1[[#This Row],[Nuit JE/ VE]]="Oui",0,IF(Tableau1[[#This Row],[Nuit JE/ VE]]="Non",1,"")) | AP22: =IF(Tableau1[[#This Row],[Nuit VE/ SA]]="Oui",0,IF(Tableau1[[#This Row],[Nuit VE/ SA]]="Non",1,"")) | AQ22: =IF(Tableau1[[#This Row],[Nuit SA/ DI]]="Oui",0,IF(Tableau1[[#This Row],[Nuit SA/ DI]]="Non",1,"")) | AR22: =IF(Tableau1[[#This Row],[Nuit DI/ LU]]="Oui",0,IF(Tableau1[[#This Row],[Nuit DI/ LU]]="Non",1,"")) | AS22: =IF(Tableau1[[#This Row],[Type de réponse]]='Paramètre (masquer)'!$A$10,Tableau1[[#This Row],[FE]],"") | AT22: =_xlfn.CONCAT(Tableau1[[#This Row],[LUN]:[DIM]]) | AV22: =IF(OR(Tableau1[[#This Row],[Type de réponse]]='Paramètre (masquer)'!$A$10,Tableau1[[#This Row],[Type de réponse]]='Paramètre (masquer)'!$A$11,Tableau1[[#This Row],[Type de réponse]]='Paramètre (masquer)'!$A$12),"Déclaratif","") | AW22: =IF(Tableau1[[#This Row],[FER]]="Oui",NETWORKDAYS.INTL(Tableau1[[#This Row],[Période début]],Tableau1[[#This Row],[Période fin]],Tableau1[[#This Row],[CONCAT]]),NETWORKDAYS.INTL(Tableau1[[#This Row],[Période début]],Tableau1[[#This Row],[Période fin]],Tableau1[[#This Row],[CONCAT]],'Paramètre (masquer)'!$A$18:$A$50)) -> #VALUE! | AX22: =Tableau1[[#This Row],[Nbre de nuits sur la période]]*Tableau1[[#This Row],[Nombre de train accédant / nuit *]] -> #VALUE! | AY22: =Tableau1[[#This Row],[Uo voies - nuit]]*((59*400/1000)+5) -> #VALUE!
A23: =1+A22 -> 10 | C23: =IFERROR(VLOOKUP(Tableau1[[#This Row],[Site * Un fichier Excel par DT]],Tableau7[[#All],[Nom de la gare]:[EIC]],5,FALSE),"") | H23: =IF(Tableau1[[#This Row],[Régime d''utilisation (Quotidien ? Oui ou Non)]]="Oui","Oui","Non") -> Non | I23: =IF(Tableau1[[#This Row],[Régime d''utilisation (Quotidien ? Oui ou Non)]]="Oui","Oui","Non") -> Non | J23: =IF(Tableau1[[#This Row],[Régime d''utilisation (Quotidien ? Oui ou Non)]]="Oui","Oui","Non") -> Non | K23: =IF(Tableau1[[#This Row],[Régime d''utilisation (Quotidien ? Oui ou Non)]]="Oui","Oui","Non") -> Non | L23: =IF(Tableau1[[#This Row],[Régime d''utilisation (Quotidien ? Oui ou Non)]]="Oui","Oui","Non") -> Non | M23: =IF(Tableau1[[#This Row],[Régime d''utilisation (Quotidien ? Oui ou Non)]]="Oui","Oui","Non") -> Non | N23: =IF(Tableau1[[#This Row],[Régime d''utilisation (Quotidien ? Oui ou Non)]]="Oui","Oui","Non") -> Non | O23: =IF(Tableau1[[#This Row],[Régime d''utilisation (Quotidien ? Oui ou Non)]]="Oui","Oui","Non") -> Non | S23: ="Compris entre 00h00 et 5h00" -> Compris entre 00h00 et 5h00 | U23: ="Voyageur" -> Voyageur | AB23: =400 -> 400 | AC23: =IF(Tableau1[[#This Row],[Type de réponse]]='Paramètre (masquer)'!$A$10,Tableau1[[#This Row],[Période de début *]],"") | AD23: =IF(Tableau1[[#This Row],[Type de réponse]]='Paramètre (masquer)'!$A$10,Tableau1[[#This Row],[Période de fin *]],"") | AE23: =IF(Tableau1[[#This Row],[Type de réponse]]='Paramètre (masquer)'!$A$10,Tableau1[[#This Row],[Nuit LU/MA]],"") | AF23: =IF(Tableau1[[#This Row],[Type de réponse]]='Paramètre (masquer)'!$A$10,Tableau1[[#This Row],[Nuit MA/ME]],"") | AG23: =IF(Tableau1[[#This Row],[Type de réponse]]='Paramètre (masquer)'!$A$10,Tableau1[[#This Row],[Nuit ME/JE]],"") | AH23: =IF(Tableau1[[#This Row],[Type de réponse]]='Paramètre (masquer)'!$A$10,Tableau1[[#This Row],[Nuit JE/VE]],"") | AI23: =IF(Tableau1[[#This Row],[Type de réponse]]='Paramètre (masquer)'!$A$10,Tableau1[[#This Row],[Nuit VE/SA]],"") | AJ23: =IF(Tableau1[[#This Row],[Type de réponse]]='Paramètre (masquer)'!$A$10,Tableau1[[#This Row],[Nuit SA/DI]],"") | AK23: =IF(Tableau1[[#This Row],[Type de réponse]]='Paramètre (masquer)'!$A$10,Tableau1[[#This Row],[Nuit DI/LU]],"") | AL23: =IF(Tableau1[[#This Row],[Nuit LU /MA]]="Oui",0,IF(Tableau1[[#This Row],[Nuit LU /MA]]="Non",1,"")) | AM23: =IF(Tableau1[[#This Row],[Nuit MA/ ME]]="Oui",0,IF(Tableau1[[#This Row],[Nuit MA/ ME]]="Non",1,"")) | AN23: =IF(Tableau1[[#This Row],[Nuit ME/ JE]]="Oui",0,IF(Tableau1[[#This Row],[Nuit ME/ JE]]="Non",1,"")) | AO23: =IF(Tableau1[[#This Row],[Nuit JE/ VE]]="Oui",0,IF(Tableau1[[#This Row],[Nuit JE/ VE]]="Non",1,"")) | AP23: =IF(Tableau1[[#This Row],[Nuit VE/ SA]]="Oui",0,IF(Tableau1[[#This Row],[Nuit VE/ SA]]="Non",1,"")) | AQ23: =IF(Tableau1[[#This Row],[Nuit SA/ DI]]="Oui",0,IF(Tableau1[[#This Row],[Nuit SA/ DI]]="Non",1,"")) | AR23: =IF(Tableau1[[#This Row],[Nuit DI/ LU]]="Oui",0,IF(Tableau1[[#This Row],[Nuit DI/ LU]]="Non",1,"")) | AS23: =IF(Tableau1[[#This Row],[Type de réponse]]='Paramètre (masquer)'!$A$10,Tableau1[[#This Row],[FE]],"") | AT23: =_xlfn.CONCAT(Tableau1[[#This Row],[LUN]:[DIM]]) | AV23: =IF(OR(Tableau1[[#This Row],[Type de réponse]]='Paramètre (masquer)'!$A$10,Tableau1[[#This Row],[Type de réponse]]='Paramètre (masquer)'!$A$11,Tableau1[[#This Row],[Type de réponse]]='Paramètre (masquer)'!$A$12),"Déclaratif","") | AW23: =IF(Tableau1[[#This Row],[FER]]="Oui",NETWORKDAYS.INTL(Tableau1[[#This Row],[Période début]],Tableau1[[#This Row],[Période fin]],Tableau1[[#This Row],[CONCAT]]),NETWORKDAYS.INTL(Tableau1[[#This Row],[Période début]],Tableau1[[#This Row],[Période fin]],Tableau1[[#This Row],[CONCAT]],'Paramètre (masquer)'!$A$18:$A$50)) -> #VALUE! | AX23: =Tableau1[[#This Row],[Nbre de nuits sur la période]]*Tableau1[[#This Row],[Nombre de train accédant / nuit *]] -> #VALUE! | AY23: =Tableau1[[#This Row],[Uo voies - nuit]]*((59*400/1000)+5) -> #VALUE!
A24: =1+A23 -> 11 | C24: =IFERROR(VLOOKUP(Tableau1[[#This Row],[Site * Un fichier Excel par DT]],Tableau7[[#All],[Nom de la gare]:[EIC]],5,FALSE),"") | H24: =IF(Tableau1[[#This Row],[Régime d''utilisation (Quotidien ? Oui ou Non)]]="Oui","Oui","Non") -> Non | I24: =IF(Tableau1[[#This Row],[Régime d''utilisation (Quotidien ? Oui ou Non)]]="Oui","Oui","Non") -> Non | J24: =IF(Tableau1[[#This Row],[Régime d''utilisation (Quotidien ? Oui ou Non)]]="Oui","Oui","Non") -> Non | K24: =IF(Tableau1[[#This Row],[Régime d''utilisation (Quotidien ? Oui ou Non)]]="Oui","Oui","Non") -> Non | L24: =IF(Tableau1[[#This Row],[Régime d''utilisation (Quotidien ? Oui ou Non)]]="Oui","Oui","Non") -> Non | M24: =IF(Tableau1[[#This Row],[Régime d''utilisation (Quotidien ? Oui ou Non)]]="Oui","Oui","Non") -> Non | N24: =IF(Tableau1[[#This Row],[Régime d''utilisation (Quotidien ? Oui ou Non)]]="Oui","Oui","Non") -> Non | O24: =IF(Tableau1[[#This Row],[Régime d''utilisation (Quotidien ? Oui ou Non)]]="Oui","Oui","Non") -> Non | S24: ="Compris entre 00h00 et 5h00" -> Compris entre 00h00 et 5h00 | U24: ="Voyageur" -> Voyageur | AB24: =400 -> 400 | AC24: =IF(Tableau1[[#This Row],[Type de réponse]]='Paramètre (masquer)'!$A$10,Tableau1[[#This Row],[Période de début *]],"") | AD24: =IF(Tableau1[[#This Row],[Type de réponse]]='Paramètre (masquer)'!$A$10,Tableau1[[#This Row],[Période de fin *]],"") | AE24: =IF(Tableau1[[#This Row],[Type de réponse]]='Paramètre (masquer)'!$A$10,Tableau1[[#This Row],[Nuit LU/MA]],"") | AF24: =IF(Tableau1[[#This Row],[Type de réponse]]='Paramètre (masquer)'!$A$10,Tableau1[[#This Row],[Nuit MA/ME]],"") | AG24: =IF(Tableau1[[#This Row],[Type de réponse]]='Paramètre (masquer)'!$A$10,Tableau1[[#This Row],[Nuit ME/JE]],"") | AH24: =IF(Tableau1[[#This Row],[Type de réponse]]='Paramètre (masquer)'!$A$10,Tableau1[[#This Row],[Nuit JE/VE]],"") | AI24: =IF(Tableau1[[#This Row],[Type de réponse]]='Paramètre (masquer)'!$A$10,Tableau1[[#This Row],[Nuit VE/SA]],"") | AJ24: =IF(Tableau1[[#This Row],[Type de réponse]]='Paramètre (masquer)'!$A$10,Tableau1[[#This Row],[Nuit SA/DI]],"") | AK24: =IF(Tableau1[[#This Row],[Type de réponse]]='Paramètre (masquer)'!$A$10,Tableau1[[#This Row],[Nuit DI/LU]],"") | AL24: =IF(Tableau1[[#This Row],[Nuit LU /MA]]="Oui",0,IF(Tableau1[[#This Row],[Nuit LU /MA]]="Non",1,"")) | AM24: =IF(Tableau1[[#This Row],[Nuit MA/ ME]]="Oui",0,IF(Tableau1[[#This Row],[Nuit MA/ ME]]="Non",1,"")) | AN24: =IF(Tableau1[[#This Row],[Nuit ME/ JE]]="Oui",0,IF(Tableau1[[#This Row],[Nuit ME/ JE]]="Non",1,"")) | AO24: =IF(Tableau1[[#This Row],[Nuit JE/ VE]]="Oui",0,IF(Tableau1[[#This Row],[Nuit JE/ VE]]="Non",1,"")) | AP24: =IF(Tableau1[[#This Row],[Nuit VE/ SA]]="Oui",0,IF(Tableau1[[#This Row],[Nuit VE/ SA]]="Non",1,"")) | AQ24: =IF(Tableau1[[#This Row],[Nuit SA/ DI]]="Oui",0,IF(Tableau1[[#This Row],[Nuit SA/ DI]]="Non",1,"")) | AR24: =IF(Tableau1[[#This Row],[Nuit DI/ LU]]="Oui",0,IF(Tableau1[[#This Row],[Nuit DI/ LU]]="Non",1,"")) | AS24: =IF(Tableau1[[#This Row],[Type de réponse]]='Paramètre (masquer)'!$A$10,Tableau1[[#This Row],[FE]],"") | AT24: =_xlfn.CONCAT(Tableau1[[#This Row],[LUN]:[DIM]]) | AV24: =IF(OR(Tableau1[[#This Row],[Type de réponse]]='Paramètre (masquer)'!$A$10,Tableau1[[#This Row],[Type de réponse]]='Paramètre (masquer)'!$A$11,Tableau1[[#This Row],[Type de réponse]]='Paramètre (masquer)'!$A$12),"Déclaratif","") | AW24: =IF(Tableau1[[#This Row],[FER]]="Oui",NETWORKDAYS.INTL(Tableau1[[#This Row],[Période début]],Tableau1[[#This Row],[Période fin]],Tableau1[[#This Row],[CONCAT]]),NETWORKDAYS.INTL(Tableau1[[#This Row],[Période début]],Tableau1[[#This Row],[Période fin]],Tableau1[[#This Row],[CONCAT]],'Paramètre (masquer)'!$A$18:$A$50)) -> #VALUE! | AX24: =Tableau1[[#This Row],[Nbre de nuits sur la période]]*Tableau1[[#This Row],[Nombre de train accédant / nuit *]] -> #VALUE! | AY24: =Tableau1[[#This Row],[Uo voies - nuit]]*((59*400/1000)+5) -> #VALUE!
A25: =1+A24 -> 12 | C25: =IFERROR(VLOOKUP(Tableau1[[#This Row],[Site * Un fichier Excel par DT]],Tableau7[[#All],[Nom de la gare]:[EIC]],5,FALSE),"") | H25: =IF(Tableau1[[#This Row],[Régime d''utilisation (Quotidien ? Oui ou Non)]]="Oui","Oui","Non") -> Non | I25: =IF(Tableau1[[#This Row],[Régime d''utilisation (Quotidien ? Oui ou Non)]]="Oui","Oui","Non") -> Non | J25: =IF(Tableau1[[#This Row],[Régime d''utilisation (Quotidien ? Oui ou Non)]]="Oui","Oui","Non") -> Non | K25: =IF(Tableau1[[#This Row],[Régime d''utilisation (Quotidien ? Oui ou Non)]]="Oui","Oui","Non") -> Non | L25: =IF(Tableau1[[#This Row],[Régime d''utilisation (Quotidien ? Oui ou Non)]]="Oui","Oui","Non") -> Non | M25: =IF(Tableau1[[#This Row],[Régime d''utilisation (Quotidien ? Oui ou Non)]]="Oui","Oui","Non") -> Non | N25: =IF(Tableau1[[#This Row],[Régime d''utilisation (Quotidien ? Oui ou Non)]]="Oui","Oui","Non") -> Non | O25: =IF(Tableau1[[#This Row],[Régime d''utilisation (Quotidien ? Oui ou Non)]]="Oui","Oui","Non") -> Non | S25: ="Compris entre 00h00 et 5h00" -> Compris entre 00h00 et 5h00 | U25: ="Voyageur" -> Voyageur | AB25: =400 -> 400 | AC25: =IF(Tableau1[[#This Row],[Type de réponse]]='Paramètre (masquer)'!$A$10,Tableau1[[#This Row],[Période de début *]],"") | AD25: =IF(Tableau1[[#This Row],[Type de réponse]]='Paramètre (masquer)'!$A$10,Tableau1[[#This Row],[Période de fin *]],"") | AE25: =IF(Tableau1[[#This Row],[Type de réponse]]='Paramètre (masquer)'!$A$10,Tableau1[[#This Row],[Nuit LU/MA]],"") | AF25: =IF(Tableau1[[#This Row],[Type de réponse]]='Paramètre (masquer)'!$A$10,Tableau1[[#This Row],[Nuit MA/ME]],"") | AG25: =IF(Tableau1[[#This Row],[Type de réponse]]='Paramètre (masquer)'!$A$10,Tableau1[[#This Row],[Nuit ME/JE]],"") | AH25: =IF(Tableau1[[#This Row],[Type de réponse]]='Paramètre (masquer)'!$A$10,Tableau1[[#This Row],[Nuit JE/VE]],"") | AI25: =IF(Tableau1[[#This Row],[Type de réponse]]='Paramètre (masquer)'!$A$10,Tableau1[[#This Row],[Nuit VE/SA]],"") | AJ25: =IF(Tableau1[[#This Row],[Type de réponse]]='Paramètre (masquer)'!$A$10,Tableau1[[#This Row],[Nuit SA/DI]],"") | AK25: =IF(Tableau1[[#This Row],[Type de réponse]]='Paramètre (masquer)'!$A$10,Tableau1[[#This Row],[Nuit DI/LU]],"") | AL25: =IF(Tableau1[[#This Row],[Nuit LU /MA]]="Oui",0,IF(Tableau1[[#This Row],[Nuit LU /MA]]="Non",1,"")) | AM25: =IF(Tableau1[[#This Row],[Nuit MA/ ME]]="Oui",0,IF(Tableau1[[#This Row],[Nuit MA/ ME]]="Non",1,"")) | AN25: =IF(Tableau1[[#This Row],[Nuit ME/ JE]]="Oui",0,IF(Tableau1[[#This Row],[Nuit ME/ JE]]="Non",1,"")) | AO25: =IF(Tableau1[[#This Row],[Nuit JE/ VE]]="Oui",0,IF(Tableau1[[#This Row],[Nuit JE/ VE]]="Non",1,"")) | AP25: =IF(Tableau1[[#This Row],[Nuit VE/ SA]]="Oui",0,IF(Tableau1[[#This Row],[Nuit VE/ SA]]="Non",1,"")) | AQ25: =IF(Tableau1[[#This Row],[Nuit SA/ DI]]="Oui",0,IF(Tableau1[[#This Row],[Nuit SA/ DI]]="Non",1,"")) | AR25: =IF(Tableau1[[#This Row],[Nuit DI/ LU]]="Oui",0,IF(Tableau1[[#This Row],[Nuit DI/ LU]]="Non",1,"")) | AS25: =IF(Tableau1[[#This Row],[Type de réponse]]='Paramètre (masquer)'!$A$10,Tableau1[[#This Row],[FE]],"") | AT25: =_xlfn.CONCAT(Tableau1[[#This Row],[LUN]:[DIM]]) | AV25: =IF(OR(Tableau1[[#This Row],[Type de réponse]]='Paramètre (masquer)'!$A$10,Tableau1[[#This Row],[Type de réponse]]='Paramètre (masquer)'!$A$11,Tableau1[[#This Row],[Type de réponse]]='Paramètre (masquer)'!$A$12),"Déclaratif","") | AW25: =IF(Tableau1[[#This Row],[FER]]="Oui",NETWORKDAYS.INTL(Tableau1[[#This Row],[Période début]],Tableau1[[#This Row],[Période fin]],Tableau1[[#This Row],[CONCAT]]),NETWORKDAYS.INTL(Tableau1[[#This Row],[Période début]],Tableau1[[#This Row],[Période fin]],Tableau1[[#This Row],[CONCAT]],'Paramètre (masquer)'!$A$18:$A$50)) -> #VALUE! | AX25: =Tableau1[[#This Row],[Nbre de nuits sur la période]]*Tableau1[[#This Row],[Nombre de train accédant / nuit *]] -> #VALUE! | AY25: =Tableau1[[#This Row],[Uo voies - nuit]]*((59*400/1000)+5) -> #VALUE!
A26: =1+A25 -> 13 | C26: =IFERROR(VLOOKUP(Tableau1[[#This Row],[Site * Un fichier Excel par DT]],Tableau7[[#All],[Nom de la gare]:[EIC]],5,FALSE),"") | H26: =IF(Tableau1[[#This Row],[Régime d''utilisation (Quotidien ? Oui ou Non)]]="Oui","Oui","Non") -> Non | I26: =IF(Tableau1[[#This Row],[Régime d''utilisation (Quotidien ? Oui ou Non)]]="Oui","Oui","Non") -> Non | J26: =IF(Tableau1[[#This Row],[Régime d''utilisation (Quotidien ? Oui ou Non)]]="Oui","Oui","Non") -> Non | K26: =IF(Tableau1[[#This Row],[Régime d''utilisation (Quotidien ? Oui ou Non)]]="Oui","Oui","Non") -> Non | L26: =IF(Tableau1[[#This Row],[Régime d''utilisation (Quotidien ? Oui ou Non)]]="Oui","Oui","Non") -> Non | M26: =IF(Tableau1[[#This Row],[Régime d''utilisation (Quotidien ? Oui ou Non)]]="Oui","Oui","Non") -> Non | N26: =IF(Tableau1[[#This Row],[Régime d''utilisation (Quotidien ? Oui ou Non)]]="Oui","Oui","Non") -> Non | O26: =IF(Tableau1[[#This Row],[Régime d''utilisation (Quotidien ? Oui ou Non)]]="Oui","Oui","Non") -> Non | S26: ="Compris entre 00h00 et 5h00" -> Compris entre 00h00 et 5h00 | U26: ="Voyageur" -> Voyageur | AB26: =400 -> 400 | AC26: =IF(Tableau1[[#This Row],[Type de réponse]]='Paramètre (masquer)'!$A$10,Tableau1[[#This Row],[Période de début *]],"") | AD26: =IF(Tableau1[[#This Row],[Type de réponse]]='Paramètre (masquer)'!$A$10,Tableau1[[#This Row],[Période de fin *]],"") | AE26: =IF(Tableau1[[#This Row],[Type de réponse]]='Paramètre (masquer)'!$A$10,Tableau1[[#This Row],[Nuit LU/MA]],"") | AF26: =IF(Tableau1[[#This Row],[Type de réponse]]='Paramètre (masquer)'!$A$10,Tableau1[[#This Row],[Nuit MA/ME]],"") | AG26: =IF(Tableau1[[#This Row],[Type de réponse]]='Paramètre (masquer)'!$A$10,Tableau1[[#This Row],[Nuit ME/JE]],"") | AH26: =IF(Tableau1[[#This Row],[Type de réponse]]='Paramètre (masquer)'!$A$10,Tableau1[[#This Row],[Nuit JE/VE]],"") | AI26: =IF(Tableau1[[#This Row],[Type de réponse]]='Paramètre (masquer)'!$A$10,Tableau1[[#This Row],[Nuit VE/SA]],"") | AJ26: =IF(Tableau1[[#This Row],[Type de réponse]]='Paramètre (masquer)'!$A$10,Tableau1[[#This Row],[Nuit SA/DI]],"") | AK26: =IF(Tableau1[[#This Row],[Type de réponse]]='Paramètre (masquer)'!$A$10,Tableau1[[#This Row],[Nuit DI/LU]],"") | AL26: =IF(Tableau1[[#This Row],[Nuit LU /MA]]="Oui",0,IF(Tableau1[[#This Row],[Nuit LU /MA]]="Non",1,"")) | AM26: =IF(Tableau1[[#This Row],[Nuit MA/ ME]]="Oui",0,IF(Tableau1[[#This Row],[Nuit MA/ ME]]="Non",1,"")) | AN26: =IF(Tableau1[[#This Row],[Nuit ME/ JE]]="Oui",0,IF(Tableau1[[#This Row],[Nuit ME/ JE]]="Non",1,"")) | AO26: =IF(Tableau1[[#This Row],[Nuit JE/ VE]]="Oui",0,IF(Tableau1[[#This Row],[Nuit JE/ VE]]="Non",1,"")) | AP26: =IF(Tableau1[[#This Row],[Nuit VE/ SA]]="Oui",0,IF(Tableau1[[#This Row],[Nuit VE/ SA]]="Non",1,"")) | AQ26: =IF(Tableau1[[#This Row],[Nuit SA/ DI]]="Oui",0,IF(Tableau1[[#This Row],[Nuit SA/ DI]]="Non",1,"")) | AR26: =IF(Tableau1[[#This Row],[Nuit DI/ LU]]="Oui",0,IF(Tableau1[[#This Row],[Nuit DI/ LU]]="Non",1,"")) | AS26: =IF(Tableau1[[#This Row],[Type de réponse]]='Paramètre (masquer)'!$A$10,Tableau1[[#This Row],[FE]],"") | AT26: =_xlfn.CONCAT(Tableau1[[#This Row],[LUN]:[DIM]]) | AV26: =IF(OR(Tableau1[[#This Row],[Type de réponse]]='Paramètre (masquer)'!$A$10,Tableau1[[#This Row],[Type de réponse]]='Paramètre (masquer)'!$A$11,Tableau1[[#This Row],[Type de réponse]]='Paramètre (masquer)'!$A$12),"Déclaratif","") | AW26: =IF(Tableau1[[#This Row],[FER]]="Oui",NETWORKDAYS.INTL(Tableau1[[#This Row],[Période début]],Tableau1[[#This Row],[Période fin]],Tableau1[[#This Row],[CONCAT]]),NETWORKDAYS.INTL(Tableau1[[#This Row],[Période début]],Tableau1[[#This Row],[Période fin]],Tableau1[[#This Row],[CONCAT]],'Paramètre (masquer)'!$A$18:$A$50)) -> #VALUE! | AX26: =Tableau1[[#This Row],[Nbre de nuits sur la période]]*Tableau1[[#This Row],[Nombre de train accédant / nuit *]] -> #VALUE! | AY26: =Tableau1[[#This Row],[Uo voies - nuit]]*((59*400/1000)+5) -> #VALUE!
... A1604: =1+A1603 -> 1591 | C1604: =IFERROR(VLOOKUP(Tableau1[[#This Row],[Site * Un fichier Excel par DT]],Tableau7[[#All],[Nom de la gare]:[EIC]],5,FALSE),"") | H1604: =IF(Tableau1[[#This Row],[Régime d''utilisation (Quotidien ? Oui ou Non)]]="Oui","Oui","Non") -> Non | I1604: =IF(Tableau1[[#This Row],[Régime d''utilisation (Quotidien ? Oui ou Non)]]="Oui","Oui","Non") -> Non | J1604: =IF(Tableau1[[#This Row],[Régime d''utilisation (Quotidien ? Oui ou Non)]]="Oui","Oui","Non") -> Non | K1604: =IF(Tableau1[[#This Row],[Régime d''utilisation (Quotidien ? Oui ou Non)]]="Oui","Oui","Non") -> Non | L1604: =IF(Tableau1[[#This Row],[Régime d''utilisation (Quotidien ? Oui ou Non)]]="Oui","Oui","Non") -> Non | M1604: =IF(Tableau1[[#This Row],[Régime d''utilisation (Quotidien ? Oui ou Non)]]="Oui","Oui","Non") -> Non | N1604: =IF(Tableau1[[#This Row],[Régime d''utilisation (Quotidien ? Oui ou Non)]]="Oui","Oui","Non") -> Non | O1604: =IF(Tableau1[[#This Row],[Régime d''utilisation (Quotidien ? Oui ou Non)]]="Oui","Oui","Non") -> Non | S1604: ="Compris entre 00h00 et 5h00" -> Compris entre 00h00 et 5h00 | U1604: ="Voyageur" -> Voyageur | AB1604: =400 -> 400 | AC1604: =IF(Tableau1[[#This Row],[Type de réponse]]='Paramètre (masquer)'!$A$10,Tableau1[[#This Row],[Période de début *]],"") | AD1604: =IF(Tableau1[[#This Row],[Type de réponse]]='Paramètre (masquer)'!$A$10,Tableau1[[#This Row],[Période de fin *]],"") | AE1604: =IF(Tableau1[[#This Row],[Type de réponse]]='Paramètre (masquer)'!$A$10,Tableau1[[#This Row],[Nuit LU/MA]],"") | AF1604: =IF(Tableau1[[#This Row],[Type de réponse]]='Paramètre (masquer)'!$A$10,Tableau1[[#This Row],[Nuit MA/ME]],"") | AG1604: =IF(Tableau1[[#This Row],[Type de réponse]]='Paramètre (masquer)'!$A$10,Tableau1[[#This Row],[Nuit ME/JE]],"") | AH1604: =IF(Tableau1[[#This Row],[Type de réponse]]='Paramètre (masquer)'!$A$10,Tableau1[[#This Row],[Nuit JE/VE]],"") | AI1604: =IF(Tableau1[[#This Row],[Type de réponse]]='Paramètre (masquer)'!$A$10,Tableau1[[#This Row],[Nuit VE/SA]],"") | AJ1604: =IF(Tableau1[[#This Row],[Type de réponse]]='Paramètre (masquer)'!$A$10,Tableau1[[#This Row],[Nuit SA/DI]],"") | AK1604: =IF(Tableau1[[#This Row],[Type de réponse]]='Paramètre (masquer)'!$A$10,Tableau1[[#This Row],[Nuit DI/LU]],"") | AL1604: =IF(Tableau1[[#This Row],[Nuit LU /MA]]="Oui",0,IF(Tableau1[[#This Row],[Nuit LU /MA]]="Non",1,"")) | AM1604: =IF(Tableau1[[#This Row],[Nuit MA/ ME]]="Oui",0,IF(Tableau1[[#This Row],[Nuit MA/ ME]]="Non",1,"")) | AN1604: =IF(Tableau1[[#This Row],[Nuit ME/ JE]]="Oui",0,IF(Tableau1[[#This Row],[Nuit ME/ JE]]="Non",1,"")) | AO1604: =IF(Tableau1[[#This Row],[Nuit JE/ VE]]="Oui",0,IF(Tableau1[[#This Row],[Nuit JE/ VE]]="Non",1,"")) | AP1604: =IF(Tableau1[[#This Row],[Nuit VE/ SA]]="Oui",0,IF(Tableau1[[#This Row],[Nuit VE/ SA]]="Non",1,"")) | AQ1604: =IF(Tableau1[[#This Row],[Nuit SA/ DI]]="Oui",0,IF(Tableau1[[#This Row],[Nuit SA/ DI]]="Non",1,"")) | AR1604: =IF(Tableau1[[#This Row],[Nuit DI/ LU]]="Oui",0,IF(Tableau1[[#This Row],[Nuit DI/ LU]]="Non",1,"")) | AS1604: =IF(Tableau1[[#This Row],[Type de réponse]]='Paramètre (masquer)'!$A$10,Tableau1[[#This Row],[FE]],"") | AT1604: =_xlfn.CONCAT(Tableau1[[#This Row],[LUN]:[DIM]]) | AV1604: =IF(OR(Tableau1[[#This Row],[Type de réponse]]='Paramètre (masquer)'!$A$10,Tableau1[[#This Row],[Type de réponse]]='Paramètre (masquer)'!$A$11,Tableau1[[#This Row],[Type de réponse]]='Paramètre (masquer)'!$A$12),"Déclaratif","") | AW1604: =IF(Tableau1[[#This Row],[FER]]="Oui",NETWORKDAYS.INTL(Tableau1[[#This Row],[Période début]],Tableau1[[#This Row],[Période fin]],Tableau1[[#This Row],[CONCAT]]),NETWORKDAYS.INTL(Tableau1[[#This Row],[Période début]],Tableau1[[#This Row],[Période fin]],Tableau1[[#This Row],[CONCAT]],'Paramètre (masquer)'!$A$18:$A$50)) -> #VALUE! | AX1604: =Tableau1[[#This Row],[Nbre de nuits sur la période]]*Tableau1[[#This Row],[Nombre de train accédant / nuit *]] -> #VALUE! | AY1604: =Tableau1[[#This Row],[Uo voies - nuit]]*((59*400/1000)+5) -> #VALUE!

Sheet Liste des gares
B1: DRG 2025 - ANNEXE A0.1 : Liste des gares de Voyageurs
B4: Version | C4: Saisine | D4: NOTA : La liste des gares ayant changé de périmètre entre la période 2020-2022 et la période 2023-2025 se trouve à la fin de la présente liste
B5: Liste des gares ouvertes au trafic ou fermées depuis l'horaire de service 2017
B7: Nom de la gare | C7: UIC complet | D7: Région administrative | E7: DT | F7: EIC | G7: Périmètre de gestion
B8: Abancourt | C8: 87313759 | D8: Hauts-de-France | E8: HDF - Hauts de France | F8: EIC Hauts de France | G8: C HAUTS DE FRANCE
B9: Abbaretz | C9: 87481614 | D9: Pays de la Loire | E9: BPL - Bretagne Pays de La Loire | F9: à renseigner par PSEF | G9: C PAYS DE LA LOIRE
B10: Abbeville | C10: 87317362 | D10: Hauts-de-France | E10: HDF - Hauts de France | F10: EIC Hauts de France | G10: B HAUTS DE FRANCE
B11: Ablon | C11: 87545269 | D11: Île-de-France | E11: IDF - Île de France | F11: à renseigner par PSEF | G11: B ILE-DE-FRANCE
B12: Achères | C12: 87381657 | D12: Île-de-France | E12: IDF - Île de France | F12: à renseigner par PSEF | G12: B ILE-DE-FRANCE
B13: Achères Grand Cormier | C13: 87386052 | D13: Île-de-France | E13: IDF - Île de France | F13: à renseigner par PSEF | G13: B ILE-DE-FRANCE
B14: Acheux - Franleu | C14: 87316745 | D14: Hauts-de-France | E14: HDF - Hauts de France | F14: à renseigner par PSEF | G14: C HAUTS DE FRANCE
B15: Achiet | C15: 87342048 | D15: Hauts-de-France | E15: HDF - Hauts de France | F15: EIC Hauts de France | G15: C HAUTS DE FRANCE
B16: Aéroport Charles de Gaulle 1 | C16: 87271460 | D16: Île-de-France | E16: IDF - Île de France | F16: à renseigner par PSEF | G16: B ILE-DE-FRANCE
B17: Aéroport Charles de Gaulle 2 TGV | C17: 87271494 | D17: Île-de-France | E17: IDF - Île de France | F17: à renseigner par PSEF | G17: TGA AEROPORT CDG 2 TGV
B18: Aéroport Charles de Gaulle 2 TGV (RER) | C18: 87001479 | D18: Île-de-France | E18: IDF - Île de France | F18: à renseigner par PSEF | G18: TGA AEROPORT CDG 2 TGV
B19: Agay | C19: 87757559 | D19: Provence-Alpes-Côte d'Azur | E19: PACA - Provence Alpes Côte d'Azur | F19: à renseigner par PSEF | G19: C PACA
... B2973: Massy Europe T12 | C2973: 87725465 | D2973: Île-de-France | E2973: IDF - Île de France | F2973: à renseigner par PSEF | G2973: B ILE-DE-FRANCE
B2974: Massy - Palaiseau T12 | C2974: en cours | D2974: Île-de-France | E2974: IDF - Île de France | F2974: à renseigner par PSEF | G2974: B ILE-DE-FRANCE
B2975: Porte Maillot | C2975: 87731448 | D2975: Île-de-France | E2975: IDF - Île de France | F2975: à renseigner par PSEF | G2975: B ILE-DE-FRANCE
B2976: La Défense CNIT | C2976: 87731430 | D2976: Île-de-France | E2976: IDF - Île de France | F2976: à renseigner par PSEF | G2976: B ILE-DE-FRANCE
B2977: Nanterre La Folie | C2977: 87386011 | D2977: Île-de-France | E2977: IDF - Île de France | F2977: à renseigner par PSEF | G2977: B ILE-DE-FRANCE
B2978: Bellevigny | C2978: 87486142 | D2978: Pays de la Loire | E2978: BPL - Bretagne Pays de La Loire | F2978: à renseigner par PSEF | G2978: C PAYS DE LA LOIRE
B2979: Beaucroissant | C2979: 87747238 | D2979: Auvergne-Rhône-Alpes | E2979: AURA - Auvergne Rhône Alpes | F2979: à renseigner par PSEF | G2979: C AUV-RHONE ALPES
B2980: Saint-Nom-la-Bretèche Forêt de Marly Ligne L | C2980: 87382481 | D2980: Île-de-France | E2980: IDF - Île de France | F2980: à renseigner par PSEF | G2980: B ILE-DE-FRANCE
B2981: L'Etang la Ville | C2981: 87382473 | D2981: Île-de-France | E2981: IDF - Île de France | F2981: à renseigner par PSEF | G2981: B ILE-DE-FRANCE
B2982: Aulnay-sous-Bois T4 | C2982: 87271411 | D2982: Île-de-France | E2982: IDF - Île de France | F2982: à renseigner par PSEF | G2982: B ILE-DE-FRANCE
B2983: Talence-Médoquine | C2983: 87581504 | D2983: Nouvelle-Aquitaine | E2983: NA - Nouvelle Aquitaine | F2983: à renseigner par PSEF | G2983: C NOUVELLE AQUITAINE

Sheet Paramètre (masquer)
A1: Direction Territoriale SNCF Réseau ® | E1: AURA | F1: BFC | G1: BPL | H1: CVL | I1: GE | J1: HDF | K1: IDF | L1: NA | M1: NO | N1: OCC | O1: PACA | Q1: DRG 2022 - ANNEXE A0.1 : Liste des gares de Voyageurs
A2: DRG 2025 - ANNEXE A0.1 : Liste des gares de Voyageurs | E2: Aiguebelette-le-Lac | F2: Aillevillers | G2: Abbaretz | H2: Amboise | I2: Altkirch | J2: Abancourt | K2: Ablon | L2: Agen | M2: Alençon | N2: Agde | O2: Agay | Q2: Version | R2: Consultation
E3: Aiguebelle | F3: Aiserey | G3: Ancenis | H3: Amilly Ouerray | I3: Amagne - Lucquy | J3: Abbeville | K3: Achères | L3: Agonac | M3: Argentan | N3: Aigues-Mortes | O3: Aix-en-Provence | Q3: Liste des gares ouvertes au trafic ou fermées depuis moins de 5 ans (depuis l'horaire de service 2017)
E4: Aigueperse | F4: Andelot | G4: Angers Maître École | H4: Argenton-sur-Creuse | I4: Anchamps | J4: Acheux - Franleu | K4: Achères Grand Cormier | L4: Aigrefeuille - Le Thou | M4: Audrieu | N4: Aimargues | O4: Aix-en-Provence TGV
A5: Régime d'utilisation/Electrification/Férié/Quotidien | E5: Aime - La Plagne | F5: Arbois | G5: Angers Saint-Laud | H5: Arrou | I5: Ancy-sur-Moselle | J5: Achiet | K5: Aéroport Charles de Gaulle 1 | L5: Aiguillon | M5: Auffay | N5: Albi | O5: Anthéor Cap Roux | Q5: Nom de la gare | R5: UIC complet | S5: Région administrative | T5: DT | U5: EIC | V5: Périmètre de gestion
A6: Oui | E6: Aix-les-Bains - Le Revard | F6: Arc-et-Senans | G6: Arnage | H6: Artenay | I6: Apach | J6: Aguilcourt - Variscourt | K6: Aéroport Charles de Gaulle 2 TGV | L6: Aixe-sur-Vienne | M6: Aumale | N6: Albi Madeleine | O6: Antibes | Q6: ='Liste des gares'!B8 -> Abancourt | R6: ='Liste des gares'!C8 -> 87313759 | S6: ='Liste des gares'!D8 -> Hauts-de-France | T6: ='Liste des gares'!E8 -> HDF - Hauts de France | U6: ='Liste des gares'!F8 -> EIC Hauts de France | V6: ='Liste des gares'!G8 -> C HAUTS DE FRANCE
A7: Non | E7: Alaï | F7: Arcy-sur-Cure | G7: Aubigné-Racan | H7: Auneau | I7: Arches | J7: Ailly-sur-Noye | K7: Aéroport Charles de Gaulle 2 TGV (RER) | L7: Allassac | M7: Avranches | N7: Albias | O7: Arenc Euroméditerranée | Q7: ='Liste des gares'!B9 -> Abbaretz | R7: ='Liste des gares'!C9 -> 87481614 | S7: ='Liste des gares'!D9 -> Pays de la Loire | T7: ='Liste des gares'!E9 -> BPL - Bretagne Pays de La Loire | U7: ='Liste des gares'!F9 -> à renseigner par PSEF | V7: ='Liste des gares'!G9 -> C PAYS DE LA LOIRE
E8: Albens | F8: Autun | G8: Auray | H8: Avord | I8: Auboué | J8: Ailly-sur-Somme | K8: Allée de la Tour Rendez-Vous T4 | L8: Ambazac | M8: Barentin | N8: Alès | O8: Arles | Q8: ='Liste des gares'!B10 -> Abbeville | R8: ='Liste des gares'!C10 -> 87317362 | S8: ='Liste des gares'!D10 -> Hauts-de-France | T8: ='Liste des gares'!E10 -> HDF - Hauts de France | U8: ='Liste des gares'!F10 -> EIC Hauts de France | V8: ='Liste des gares'!G10 -> B HAUTS DE FRANCE
A9: Type de réponse | E9: Albertville | F9: Auxerre Saint-Gervais | G9: Bannalec | H9: Azay-le-Rideau | I9: Aubrives | J9: Albert | K9: Andrésy | L9: Anché - Voulon | M9: Bayeux | N9: Alet-les-Bains | O9: Aspres-sur-Buëch | Q9: ='Liste des gares'!B11 -> Ablon | R9: ='Liste des gares'!C11 -> 87545269 | S9: ='Liste des gares'!D11 -> Île-de-France | T9: ='Liste des gares'!E11 -> IDF - Île de France | U9: ='Liste des gares'!F11 -> à renseigner par PSEF | V9: ='Liste des gares'!G11 -> B ILE-DE-FRANCE
A10: Attribution totale | E10: Albigny - Neuville | F10: Auxonne | G10: Batz-sur-Mer | H10: Azay-sur-Cher | I10: Audun-le-Roman | J10: Amiens | K10: Angerville | L10: Angoulême | M10: Beaumont-le-Roger | N10: Allenc | O10: Aubagne | Q10: ='Liste des gares'!B12 -> Achères | R10: ='Liste des gares'!C12 -> 87381657 | S10: ='Liste des gares'!D12 -> Île-de-France | T10: ='Liste des gares'!E12 -> IDF - Île de France | U10: ='Liste des gares'!F12 -> à renseigner par PSEF | V10: ='Liste des gares'!G12 -> B ILE-DE-FRANCE
A11: Attribution partielle | E11: Alleyras | F11: Avallon | G11: Belle-Isle - Bégard | H11: Bailleau-le-Pin | I11: Avenay | J11: Amifontaine | K11: Argenteuil | L11: Angoulins sur Mer | M11: Bernay | N11: Argelès-sur-Mer | O11: Avignon Centre | Q11: ='Liste des gares'!B13 -> Achères Grand Cormier | R11: ='Liste des gares'!C13 -> 87386052 | S11: ='Liste des gares'!D13 -> Île-de-France | T11: ='Liste des gares'!E13 -> IDF - Île de France | U11: ='Liste des gares'!F13 -> à renseigner par PSEF | V11: ='Liste des gares'!G13 -> B ILE-DE-FRANCE
A12: Attribution alternative | E12: Ambérieu-en-Bugey | F12: Avoudrey | G12: Belz - Ploemel | H12: Ballan | I12: Ay | J12: Anizy - Pinon | K12: Arpajon | L12: Arbanats | M12: Blangy-sur-Bresle | N12: Assier | O12: Avignon TGV | Q12: ='Liste des gares'!B14 -> Acheux - Franleu | R12: ='Liste des gares'!C14 -> 87316745 | S12: ='Liste des gares'!D14 -> Hauts-de-France | T12: ='Liste des gares'!E14 -> HDF - Hauts de France | U12: ='Liste des gares'!F14 -> à renseigner par PSEF | V12: ='Liste des gares'!G14 -> C HAUTS DE FRANCE
A13: Attribution à l'étude | E13: Ambronay - Priay | F13: Bas Évette | G13: Beslé | H13: Base Aérienne | I13: Azerailles | J13: Annappes | K13: Asnières-sur-Seine | L13: Arcachon | M13: Blonville-sur-Mer - Benerville | N13: Aubiet | O13: Avignon TGV terminal TER | Q13: ='Liste des gares'!B15 -> Achiet | R13: ='Liste des gares'!C15 -> 87342048 | S13: ='Liste des gares'!D15 -> Hauts-de-France | T13: ='Liste des gares'!E15 -> HDF - Hauts de France | U13: ='Liste des gares'!F15 -> EIC Hauts de France | V13: ='Liste des gares'!G15 -> C HAUTS DE FRANCE
A14: Attribution refusée | E14: Amplepuis | F14: Baume-les-Dames | G14: Betton | H14: Baule | I14: Bains-les-Bains | J14: Anor | K14: Athis-Mons | L14: Arengosse | M14: Bolbec - Nointot | N14: Aubin | O14: Bandol | Q14: ='Liste des gares'!B16 -> Aéroport Charles de Gaulle 1 | R14: ='Liste des gares'!C16 -> 87271460 | S14: ='Liste des gares'!D16 -> Île-de-France | T14: ='Liste des gares'!E16 -> IDF - Île de France | U14: ='Liste des gares'!F16 -> à renseigner par PSEF | V14: ='Liste des gares'!G16 -> B ILE-DE-FRANCE
A15: Attribution annulée | E15: Andrézieux | F15: Béard | G15: Bonnemain | H15: Beaugency | I15: Bainville-sur-Madon | J15: Anvin | K15: Aubergenville Élisabethville | L15: Artix | M15: Bourgtheroulde - Thuit-Hébert | N15: Auch | O15: Beaulieu-sur-Mer | Q15: ='Liste des gares'!B17 -> Aéroport Charles de Gaulle 2 TGV | R15: ='Liste des gares'!C17 -> 87271494 | S15: ='Liste des gares'!D17 -> Île-de-France | T15: ='Liste des gares'!E17 -> IDF - Île de France | U15: ='Liste des gares'!F17 -> à renseigner par PSEF | V15: ='Liste des gares'!G17 -> TGA AEROPORT CDG 2 TGV
E16: Annecy | F16: Beaune | G16: Bouaye | H16: Bengy | I16: Bantzenheim | J16: Appilly | K16: Aulnay-sous-Bois | L16: Assat | M16: Bourth | N16: Aumont-Aubrac | O16: Bédarrides | Q16: ='Liste des gares'!B18 -> Aéroport Charles de Gaulle 2 TGV (RER) | R16: ='Liste des gares'!C18 -> 87001479 | S16: ='Liste des gares'!D18 -> Île-de-France | T16: ='Liste des gares'!E18 -> IDF - Île de France | U16: ='Liste des gares'!F18 -> à renseigner par PSEF | V16: ='Liste des gares'!G18 -> TGA AEROPORT CDG 2 TGV
A17: Jours fériés 2025, 2026, 2027 | E17: Annemasse | F17: Belfort | G17: Bourgneuf-en-Retz | H17: Bigny | I17: Bar-le-Duc | J17: Arleux | K17: Avenue du Président Kennedy (Maison de Radio France) | L17: Aubazines - Saint-Hilaire | M17: Bréauté - Beuzeville | N17: Auterive | O17: Biot | Q17: ='Liste des gares'!B19 -> Agay | R17: ='Liste des gares'!C19 -> 87757559 | S17: ='Liste des gares'!D19 -> Provence-Alpes-Côte d'Azur | T17: ='Liste des gares'!E19 -> PACA - Provence Alpes Côte d'Azur | U17: ='Liste des gares'!F19 -> à renseigner par PSEF | V17: ='Liste des gares'!G19 -> C PACA
A18: 45658 | E18: Anse | F18: Belfort - Montbéliard TGV | G18: Bournezeau | H18: Bléré - La Croix | I18: Baroncourt | J18: Armentières | K18: Avenue Foch | L18: Aubie - Saint-Antoine | M18: Bretoncelles | N18: Avignonet | O18: Bollène La Croisière | Q18: ='Liste des gares'!B20 -> Agde | R18: ='Liste des gares'!C20 -> 87781278 | S18: ='Liste des gares'!D20 -> Occitanie | T18: ='Liste des gares'!E20 -> OCC - Occitanie | U18: ='Liste des gares'!F20 -> EIC Languedoc Roussillon | V18: ='Liste des gares'!G20 -> B OCCITANIE
A19: 45768 | E19: Argentière (Haute-Savoie) | F19: Besançon Franche-Comté TGV | G19: Boussay - La Bruffière | H19: Blois - Chambord | I19: Barr | J19: Arras | K19: Avenue Henri Martin | L19: Aubusson | M19: Bretteville - Norrey | N19: Ax-les-Thermes | O19: Boulouris sur Mer | Q19: ='Liste des gares'!B21 -> Agen | R19: ='Liste des gares'!C21 -> 87586008 | S19: ='Liste des gares'!D21 -> Nouvelle-Aquitaine | T19: ='Liste des gares'!E21 -> NA - Nouvelle Aquitaine | U19: ='Liste des gares'!F21 -> EIC Aquitaine Poitou Charentes | V19: ='Liste des gares'!G21 -> A NOUVELLE AQUITAINE
A20: 45778 | E20: Aurillac | F20: Besançon Mouillère | G20: Brandérion | H20: Boisseaux | I20: Bar-sur-Aube | J20: Ascq | K20: Bagneaux-sur-Loing | L20: Aytré Plage | M20: Brionne | N20: Bagnac | O20: Breil-sur-Roya | Q20: ='Liste des gares'!B22 -> Agonac | R20: ='Liste des gares'!C22 -> 87595157 | S20: ='Liste des gares'!D22 -> Nouvelle-Aquitaine | T20: ='Liste des gares'!E22 -> NA - Nouvelle Aquitaine | U20: ='Liste des gares'!F22 -> EIC Aquitaine Poitou Charentes | V20: ='Liste des gares'!G22 -> C NOUVELLE AQUITAINE
A21: 45785 | E21: Balbigny | F21: Besançon Viotte | G21: Brélidy - Plouëc | H21: Bonneval | I21: Basse-Ham | J21: Aubigny-au-Bac | K21: Ballancourt | L21: Barsac | M21: Briouze | N21: Bagnols - Chadenet | O21: Briançon | Q21: ='Liste des gares'!B23 -> Aguilcourt - Variscourt | R21: ='Liste des gares'!C23 -> 87171702 | S21: ='Liste des gares'!D23 -> Hauts-de-France | T21: ='Liste des gares'!E23 -> HDF - Hauts de France | U21: ='Liste des gares'!F23 -> à renseigner par PSEF | V21: ='Liste des gares'!G23 -> C HAUTS DE FRANCE
A22: 45806 | E22: Arvant | F22: Blaisy-Bas | G22: Brest | H22: Bourges | I22: Bayard | J22: Aubigny-en-Artois | K22: Bécon les Bruyères | L22: Bassens | M22: Caen | N22: Bagnols-sur-Cèze | O22: Cagnes-sur-Mer | Q22: ='Liste des gares'!B24 -> Aigrefeuille - Le Thou | R22: ='Liste des gares'!C24 -> 87485193 | S22: ='Liste des gares'!D24 -> Nouvelle-Aquitaine | T22: ='Liste des gares'!E24 -> NA - Nouvelle Aquitaine | U22: ='Liste des gares'!F24 -> à renseigner par PSEF | V22: ='Liste des gares'!G24 -> C NOUVELLE AQUITAINE
A23: 45817 | E23: Aubiat | F23: Blanzy | G23: Breteil | H23: Briare | I23: Bayon | J23: Aubin-Saint-Vaast | K23: Bellevue | L23: Bayonne | M23: Carantilly - Marigny | N23: Baillargues | O23: Cannes | Q23: ='Liste des gares'!B25 -> Aiguebelette-le-Lac | R23: ='Liste des gares'!C25 -> 87741421 | S23: ='Liste des gares'!D25 -> Auvergne-Rhône-Alpes | T23: ='Liste des gares'!E25 -> AURA - Auvergne Rhône Alpes | U23: ='Liste des gares'!F25 -> à renseigner par PSEF | V23: ='Liste des gares'!G25 -> C AUV-RHONE ALPES
A24: 45852 | E24: Aulnat Aéroport | F24: Brazey-en-Plaine | G24: Broons | H24: Brou | I24: Bazancourt | J24: Auchy-lès-Hesdin | K24: Belloy - Saint-Martin | L24: Beautiran | M24: Carentan | N24: Balsièges | O24: Cannes La Bocca | Q24: ='Liste des gares'!B26 -> Aiguebelle | R24: ='Liste des gares'!C26 -> 87741256 | S24: ='Liste des gares'!D26 -> Auvergne-Rhône-Alpes | T24: ='Liste des gares'!E26 -> AURA - Auvergne Rhône Alpes | U24: ='Liste des gares'!F26 -> à renseigner par PSEF | V24: ='Liste des gares'!G26 -> C AUV-RHONE ALPES
A25: 45884 | E25: Aurec | F25: Bretigny - Norges | G25: Bruz | H25: Cercottes | I25: Belleville (Meurthe-et-Moselle) | J25: Audruicq | K25: Bessancourt | L25: Beauvoir-sur-Niort | M25: Cherbourg-en-Cotentin | N25: Banassac - La Canourgue | O25: Roquebrune-Cap-Martin | Q25: ='Liste des gares'!B27 -> Aigueperse | R25: ='Liste des gares'!C27 -> 87734129 | S25: ='Liste des gares'!D27 -> Auvergne-Rhône-Alpes | T25: ='Liste des gares'!E27 -> AURA - Auvergne Rhône Alpes | U25: ='Liste des gares'!F27 -> à renseigner par PSEF | V25: ='Liste des gares'!G27 -> C AUV-RHONE ALPES
A26: 45962 | E26: Brassac-les-Mines - Sainte-Florine | F26: Brion - Laizy | G26: Callac | H26: Chabenet | I26: Bénestroff | J26: Aulnoye-Aymeries | K26: Beynes | L26: Bedous | M26: Clères | N26: Banyuls-sur-Mer | O26: Cap-d'Ail | Q26: ='Liste des gares'!B28 -> Aigues-Mortes | R26: ='Liste des gares'!C28 -> 87775858 | S26: ='Liste des gares'!D28 -> Occitanie | T26: ='Liste des gares'!E28 -> OCC - Occitanie | U26: ='Liste des gares'!F28 -> EIC Languedoc Roussillon | V26: ='Liste des gares'!G28 -> C OCCITANIE
A27: 45972 | E27: Commentry | F27: Broye | G27: Carhaix | H27: Chabris | I27: Benfeld | J27: Avesnelles | K27: Bibliothèque François Mitterrand | L27: Bègles | M27: Condé-sur-Huisne | N27: Baraqueville Carcenac Peyralès | O27: Carnolès | Q27: ='Liste des gares'!B29 -> Aiguillon | R27: ='Liste des gares'!C29 -> 87586693 | S27: ='Liste des gares'!D29 -> Nouvelle-Aquitaine | T27: ='Liste des gares'!E29 -> NA - Nouvelle Aquitaine | U27: ='Liste des gares'!F29 -> à renseigner par PSEF | V27: ='Liste des gares'!G29 -> C NOUVELLE AQUITAINE
A28: 46016 | E28: Feyzin | F28: Byans | G28: Carnoët - Locarn | H28: Chaingy Fourneaux Plage | I28: Berthelming | J28: Avesnes | K28: Bièvres | L28: Beillant | M28: Coulibœuf | N28: Barjac | O28: Carnoules | Q28: ='Liste des gares'!B30 -> Aillevillers | R28: ='Liste des gares'!C30 -> 87185629 | S28: ='Liste des gares'!D30 -> Bourgogne-Franche-Comté | T28: ='Liste des gares'!E30 -> BFC - Bourgogne Franche Compté | U28: ='Liste des gares'!F30 -> EIC Bourgogne Franche Comté | V28: ='Liste des gares'!G30 -> C BOURGOGNE FC
A29: 46023 | E29: Fleurieux-sur-l'Arbresle | F29: Dijon Porte Neuve | G29: Caulnes | H29: Chambourg | I29: Bertrichamps | J29: Avion | K29: Boigneville | L29: Bellac | M29: Coutances | N29: Baziège | O29: Carpentras | Q29: ='Liste des gares'!B31 -> Ailly-sur-Noye | R29: ='Liste des gares'!C31 -> 87313221 | S29: ='Liste des gares'!D31 -> Hauts-de-France | T29: ='Liste des gares'!E31 -> HDF - Hauts de France | U29: ='Liste des gares'!F31 -> EIC Hauts de France | V29: ='Liste des gares'!G31 -> B HAUTS DE FRANCE
... A50: 46746 | E50: Bourgoin-Jallieu | F50: Collonges | G50: Conlie | H50: Dreux | I50: Champigneulles | J50: Boran-sur-Oise | K50: Cergy le Haut | L50: Buzy en Béarn | M50: Houlgate | N50: Carcassonne | O50: Grasse | Q50: ='Liste des gares'!B52 -> Allée de la Tour Rendez-Vous T4 | R50: ='Liste des gares'!C52 -> 87113878 | S50: ='Liste des gares'!D52 -> Île-de-France | T50: ='Liste des gares'!E52 -> IDF - Île de France | U50: ='Liste des gares'!F52 -> à renseigner par PSEF | V50: ='Liste des gares'!G52 -> B ILE-DE-FRANCE
E51: Bourg-Saint-Maurice | F51: Colombier-Fontaine | G51: Cordemais | H51: Druye | I51: Charleville-Mézières | J51: Bornel - Belle-Église | K51: Cergy Préfecture | L51: Cadaujac | M51: Jacques Monod la Demi-Lieue | N51: Carmaux | O51: Hyères | Q51: ='Liste des gares'!B53 -> Allenc | R51: ='Liste des gares'!C53 -> 87783654 | S51: ='Liste des gares'!D53 -> Occitanie | T51: ='Liste des gares'!E53 -> OCC - Occitanie | U51: ='Liste des gares'!F53 -> à renseigner par PSEF | V51: ='Liste des gares'!G53 -> C OCCITANIE
A52: HDS | E52: Bouthéon | F52: Corbigny | G52: Corps-Nuds | H52: Éguzon | I52: Charmes (Vosges) | J52: Bouchain | K52: Cergy Saint-Christophe | L52: Cambo-les-Bains | M52: La Bonneville-sur-Iton | N52: Castelnaudary | O52: Istres | Q52: ='Liste des gares'!B54 -> Alleyras | R52: ='Liste des gares'!C54 -> 87731885 | S52: ='Liste des gares'!D54 -> Auvergne-Rhône-Alpes | T52: ='Liste des gares'!E54 -> AURA - Auvergne Rhône Alpes | U52: ='Liste des gares'!F54 -> EIC Auvergne Nivernais | V52: ='Liste des gares'!G54 -> C AUV-RHONE ALPES
A53: Du | B53: Au | E53: Saint-Étienne Carnot | F53: Corgoloin | G53: Corseul - Languenan | H53: Épernon | I53: Châtel - Nomexy | J53: Boulogne | K53: Cernay (Val-d'Oise) | L53: Castillon | M53: L'Aigle | N53: Castelnau-d'Estrétefonds | O53: Juan les Pins | Q53: ='Liste des gares'!B55 -> Altkirch | R53: ='Liste des gares'!C55 -> 87182238 | S53: ='Liste des gares'!D55 -> Grand Est | T53: ='Liste des gares'!E55 -> GE - Grand Est | U53: ='Liste des gares'!F55 -> EIC Alsace | V53: ='Liste des gares'!G55 -> B GRAND EST
A54: =VLOOKUP('Demandes VP'!$C$2,'Paramètre (masquer)'!$A$60:$C$61,2,FALSE) -> 45641 | B54: =VLOOKUP('Demandes VP'!$C$2,'Paramètre (masquer)'!$A$60:$C$61,3,FALSE) -> 46004 | E54: Brignais | F54: Cosne-sur-Loire | G54: Couëron | H54: Esvres sur Indre | I54: Chaumont | J54: Boulogne Tintelleries | K54: Cesson | L54: Caudéran - Mérignac | M54: Le Grand Jardin | N54: Castelsarrasin | O54: La Barasse | Q54: ='Liste des gares'!B56 -> Amagne - Lucquy | R54: ='Liste des gares'!C56 -> 87172262 | S54: ='Liste des gares'!D56 -> Grand Est | T54: ='Liste des gares'!E56 -> GE - Grand Est | U54: ='Liste des gares'!F56 -> à renseigner par PSEF | V54: ='Liste des gares'!G56 -> C GRAND EST
E55: Brignoud | F55: Coulanges-sur-Yonne | G55: Crissé | H55: Faubourg d'Orléans | I55: Chenevières | J55: Bourbourg | K55: Chamarande | L55: Caudrot | M55: Le Havre | N55: Castres | O55: La Brigue | Q55: ='Liste des gares'!B57 -> Ambazac | R55: ='Liste des gares'!C57 -> 87592311 | S55: ='Liste des gares'!D57 -> Nouvelle-Aquitaine | T55: ='Liste des gares'!E57 -> NA - Nouvelle Aquitaine | U55: ='Liste des gares'!F57 -> EIC Centre Limousin | V55: ='Liste des gares'!G57 -> C NOUVELLE AQUITAINE
E56: Brion - Montréal-la-Cluse | F56: Cousance | G56: Cugand | H56: Ferrières - Fontenay | I56: Chevillon | J56: Boves | K56: Champ de Courses d'Enghien | L56: Cavignac | M56: Le Havre Graville | N56: Cazères sur Garonne | O56: La Brillanne - Oraison | Q56: ='Liste des gares'!B58 -> Ambérieu-en-Bugey | R56: ='Liste des gares'!C58 -> 87743716 | S56: ='Liste des gares'!D58 -> Auvergne-Rhône-Alpes | T56: ='Liste des gares'!E58 -> AURA - Auvergne Rhône Alpes | U56: ='Liste des gares'!F58 -> à renseigner par PSEF | V56: ='Liste des gares'!G58 -> B AUV-RHONE ALPES
E57: Brioude | F57: Cravant - Bazarnes | G57: Dinan | H57: Foëcy | I57: Clermont-en-Argonne | J57: Brebières | K57: Champ de Mars Tour Eiffel | L57: Cenon | M57: Le Merlerault | N57: Ceilhes - Roqueredonde | O57: La Ciotat - Ceyreste | Q57: ='Liste des gares'!B59 -> Amboise | R57: ='Liste des gares'!C59 -> 87574343 | S57: ='Liste des gares'!D59 -> Centre-Val de Loire | T57: ='Liste des gares'!E59 -> CVL - Centre Val de Loire | U57: ='Liste des gares'!F59 -> EIC Centre Limousin | V57: ='Liste des gares'!G59 -> B CENTRE VAL DE LOIRE
A58: Liste déroulante pour la cellule C2 (Horaire de service) | E58: Saint-Étienne La Terrasse | F58: Crêches-sur-Saône | G58: Dingé | H58: Fréteval - Morée | I58: Colmar | J58: Breteuil | K58: Champagne-sur-Oise | L58: Cerizay | M58: Le Molay-Littry | N58: Cerbère | O58: La Couronne Carro | Q58: ='Liste des gares'!B60 -> Ambronay - Priay | R58: ='Liste des gares'!C60 -> 87743146 | S58: ='Liste des gares'!D60 -> Auvergne-Rhône-Alpes | T58: ='Liste des gares'!E60 -> AURA - Auvergne Rhône Alpes | U58: ='Liste des gares'!F60 -> à renseigner par PSEF | V58: ='Liste des gares'!G60 -> C AUV-RHONE ALPES
A59: HDS | B59: Du | C59: Au | E59: Casino Lacroix Laval | F59: Danjoutin | G59: Dirinon | H59: Gièvres | I59: Colmar Mésanges | J59: Brimeux | K59: Champagne-sur-Seine | L59: Cérons | M59: Le Theil - La Rouge | N59: Chamborigaud | O59: La Crau | Q59: ='Liste des gares'!B61 -> Amiens | R59: ='Liste des gares'!C61 -> 87313874 | S59: ='Liste des gares'!D61 -> Hauts-de-France | T59: ='Liste des gares'!E61 -> HDF - Hauts de France | U59: ='Liste des gares'!F61 -> EIC Hauts de France | V59: ='Liste des gares'!G61 -> A HAUTS DE FRANCE
A60: 2025 | B60: 45641 | C60: 46004 | E60: Saint-Pierre-d'Albigny | F60: Dannemarie - Velesmes | G60: Dol-de-Bretagne | H60: Illiers-Combray | I60: Colmar Saint-Joseph | J60: Brunémont | K60: Champbenoist - Poigny | L60: Chabanais | M60: Le Tréport - Mers-les-Bains | N60: Chanac | O60: La Frayère | Q60: ='Liste des gares'!B62 -> Amifontaine | R60: ='Liste des gares'!C62 -> 87171744 | S60: ='Liste des gares'!D62 -> Hauts-de-France | T60: ='Liste des gares'!E62 -> HDF - Hauts de France | U60: ='Liste des gares'!F62 -> à renseigner par PSEF | V60: ='Liste des gares'!G62 -> C HAUTS DE FRANCE
A61: 2026 | B61: 46005 | C61: 46368 | E61: Cessieu | F61: Decize | G61: Domfront | H61: Issoudun | I61: Colroy - Lubine | J61: Buire-sur-l'Ancre | K61: Changis - Saint-Jean | L61: Chalais | M61: Lisieux | N61: Chapeauroux | O61: La Garde | Q61: ='Liste des gares'!B63 -> Amilly Ouerray | R61: ='Liste des gares'!C63 -> 87394205 | S61: ='Liste des gares'!D63 -> Centre-Val de Loire | T61: ='Liste des gares'!E63 -> CVL - Centre Val de Loire | U61: ='Liste des gares'!F63 -> à renseigner par PSEF | V61: ='Liste des gares'!G63 -> C CENTRE VAL DE LOIRE
E62: Ceyzériat | F62: Delle | G62: Donges | H62: Joué-lès-Tours | I62: Commercy | J62: Bully - Grenay | K62: Chanteloup-les-Vignes | L62: Chasseneuil-du-Poitou | M62: Lison | N62: Chasseradès | O62: La Pauline - Hyères | Q62: ='Liste des gares'!B64 -> Amplepuis | R62: ='Liste des gares'!C64 -> 87721035 | S62: ='Liste des gares'!D64 -> Auvergne-Rhône-Alpes | T62: ='Liste des gares'!E64 -> AURA - Auvergne Rhône Alpes | U62: ='Liste des gares'!F64 -> EIC Rhône Alpes Lyon | V62: ='Liste des gares'!G64 -> B AUV-RHONE ALPES
E63: Châbons | F63: Deluz | G63: Drefféac | H63: La Chapelle-Saint-Mesmin | I63: Contrexéville | J63: Busigny | K63: Chaponval | L63: Chasseneuil-sur-Bonnieure | M63: Longroy - Gamaches | N63: Chirac | O63: La Penne-sur-Huveaune | Q63: ='Liste des gares'!B65 -> Ancenis | R63: ='Liste des gares'!C65 -> 87481192 | S63: ='Liste des gares'!D65 -> Pays de la Loire | T63: ='Liste des gares'!E65 -> BPL - Bretagne Pays de La Loire | U63: ='Liste des gares'!F65 -> EIC Bretagne Pays de la Loire | V63: ='Liste des gares'!G65 -> B PAYS DE LA LOIRE
E64: Chamalières-sur-Loire | F64: Digoin | G64: Écouflant | H64: La Chapelle-sur-Loire | I64: Corcieux - Vanémont | J64: Caffiers | K64: Chars | L64: Château-l'Évêque | M64: Longuerue - Vieux-Manoir | N64: Collioure | O64: La Pomme | Q64: ='Liste des gares'!B66 -> Anchamps | R64: ='Liste des gares'!C66 -> 87172858 | S64: ='Liste des gares'!D66 -> Grand Est | T64: ='Liste des gares'!E66 -> GE - Grand Est | U64: ='Liste des gares'!F66 -> à renseigner par PSEF | V64: ='Liste des gares'!G66 -> C GRAND EST
E65: Chambéry - Challes-les-Eaux | F65: Dijon | G65: Erdre Active | H65: La Chaussée-Saint-Victor | I65: Ars-sur-Moselle | J65: Calais | K65: Chartrettes | L65: Châteauneuf - Bujaleuf | M65: Longueville-sur-Scie | N65: Colomiers | O65: La Redonne Ensuès | Q65: ='Liste des gares'!B67 -> Anché - Voulon | R65: ='Liste des gares'!C67 -> 87575332 | S65: ='Liste des gares'!D67 -> Nouvelle-Aquitaine | T65: ='Liste des gares'!E67 -> NA - Nouvelle Aquitaine | U65: ='Liste des gares'!F67 -> à renseigner par PSEF | V65: ='Liste des gares'!G67 -> C NOUVELLE AQUITAINE
E66: Chamelet | F66: Dole | G66: Étriché - Châteauneuf | H66: La Douzillère | I66: Baccarat | J66: Calais - Fréthun | K66: Chaville - Vélizy | L66: Châteauneuf-sur-Charente | M66: Malaunay - Le Houlme | N66: Colomiers Lycée International | O66: La Seyne - Six Fours | Q66: ='Liste des gares'!B68 -> Ancy-sur-Moselle | R66: ='Liste des gares'!C68 -> 87192419 | S66: ='Liste des gares'!D68 -> Grand Est | T66: ='Liste des gares'!E68 -> GE - Grand Est | U66: ='Liste des gares'!F68 -> à renseigner par PSEF | V66: ='Liste des gares'!G68 -> C GRAND EST
E67: Chamonix Aiguille du Midi | F67: Domblans - Voiteur | G67: Évron | H67: La Ferté-Imbault | I67: Courcelles-sur-Nied | J67: Calonne-Ricouart | K67: Chaville Rive Droite | L67: Châtelaillon-Plage | M67: Maromme | N67: Cordes - Vindrac | O67: La Trinité Victor | Q67: ='Liste des gares'!B69 -> Andelot | R67: ='Liste des gares'!C69 -> 87715102 | S67: ='Liste des gares'!D69 -> Bourgogne-Franche-Comté | T67: ='Liste des gares'!E69 -> BFC - Bourgogne Franche Compté | U67: ='Liste des gares'!F69 -> EIC Bourgogne Franche Comté | V67: ='Liste des gares'!G69 -> C BOURGOGNE FC
E68: Chamonix-Mont-Blanc | F68: École-Valentin | G68: Fougeray - Langon | H68: La Ferté-Saint-Aubin | I68: Courcy - Brimont | J68: Cambrai | K68: Chaville Rive Gauche | L68: Châtellerault | M68: Mézidon | N68: Couffoulens - Leuc | O68: Lamanon | Q68: ='Liste des gares'!B70 -> Andrésy | R68: ='Liste des gares'!C70 -> 87381491 | S68: ='Liste des gares'!D70 -> Île-de-France | T68: ='Liste des gares'!E70 -> IDF - Île de France | U68: ='Liste des gares'!F70 -> à renseigner par PSEF | V68: ='Liste des gares'!G70 -> B ILE-DE-FRANCE
E69: Chamousset | F69: Étalans | G69: Fougeré | H69: La Guerche-sur-l'Aubois | I69: Culmont - Chalindrey | J69: Cantin | K69: Chelles - Gournay | L69: Clion sur Seugne | M69: Bueil | N69: Couiza - Montazels | O69: Laragne | Q69: ='Liste des gares'!B71 -> Andrézieux | R69: ='Liste des gares'!C71 -> 87726406 | S69: ='Liste des gares'!D71 -> Auvergne-Rhône-Alpes | T69: ='Liste des gares'!E71 -> AURA - Auvergne Rhône Alpes | U69: ='Liste des gares'!F71 -> à renseigner par PSEF | V69: ='Liste des gares'!G71 -> C AUV-RHONE ALPES
E70: Chaponost | F70: Étang-sur-Arroux | G70: Frynaudour | H70: La Loupe | I70: Dachstein | J70: Cattenières | K70: Chemin d'Antony | L70: Coarraze - Nay | M70: Conches | N70: Coursan | O70: L'Argentière Les Écrins | Q70: ='Liste des gares'!B72 -> Angers Maître École | R70: ='Liste des gares'!C72 -> 87484048 | S70: ='Liste des gares'!D72 -> Pays de la Loire | T70: ='Liste des gares'!E72 -> BPL - Bretagne Pays de La Loire | U70: ='Liste des gares'!F72 -> à renseigner par PSEF | V70: ='Liste des gares'!G72 -> C PAYS DE LA LOIRE
E71: Charbonnières-les-Bains | F71: Étigny - Véron | G71: Gestel | H71: La Membrolle-sur-Choisille | I71: Dambach-la-Ville | J71: Chambly | K71: Choisy-le-Roi | L71: Condat - Le Lardin | M71: Montérolier - Buchy | N71: Cransac | O71: L'Ariane - La Trinité | Q71: ='Liste des gares'!B73 -> Angers Saint-Laud | R71: ='Liste des gares'!C73 -> 87484006 | S71: ='Liste des gares'!D73 -> Pays de la Loire | T71: ='Liste des gares'!E73 -> BPL - Bretagne Pays de La Loire | U71: ='Liste des gares'!F73 -> à renseigner par PSEF | V71: ='Liste des gares'!G73 -> A PAYS DE LA LOIRE
E72: Chasse-sur-Rhône | F72: Fleurville - Pont-de-Vaux | G72: Gorges | H72: La Taye | I72: Dannemarie | J72: Chantilly - Gouvieux | K72: Clamart | L72: Cornil | M72: Flers | N72: Damiatte - Saint-Paul | O72: Le Bosquet | Q72: ='Liste des gares'!B74 -> Angerville | R72: ='Liste des gares'!C74 -> 87543090 | S72: ='Liste des gares'!D74 -> Île-de-France | T72: ='Liste des gares'!E74 -> IDF - Île de France | U72: ='Liste des gares'!F74 -> EIC Paris Rive Gauche | V72: ='Liste des gares'!G74 -> B ILE-DE-FRANCE
E73: Châtillon d'Azergues | F73: Flez-Cuzy - Tannay | G73: Gourland | H73: La Villette Saint-Prest | I73: Dettwiller | J73: Château-Thierry | K73: Clichy - Levallois | L73: Corrèze | M73: Montivilliers | N73: Dégagnac | O73: Le Dramont | Q73: ='Liste des gares'!B75 -> Angoulême | R73: ='Liste des gares'!C75 -> 87583005 | S73: ='Liste des gares'!D75 -> Nouvelle-Aquitaine | T73: ='Liste des gares'!E75 -> NA - Nouvelle Aquitaine | U73: ='Liste des gares'!F75 -> EIC Aquitaine Poitou Charentes | V73: ='Liste des gares'!G75 -> A NOUVELLE AQUITAINE
... E118: Groisy - Thorens - La Caille | F118: Mailly-la-Ville | G118: Le Genest | H118: Reuilly | I118: Foug | J118: Estrées-Saint-Denis | K118: Fontenay-le-Fleury | L118: La Mothe-Saint-Héray | M118: Yvetot | N118: Lavaur | O118: Halte de Fontanil - Lycée de Drap | Q118: ='Liste des gares'!B120 -> Aubazines - Saint-Hilaire | R118: ='Liste des gares'!C120 -> 87594465 | S118: ='Liste des gares'!D120 -> Nouvelle-Aquitaine | T118: ='Liste des gares'!E120 -> NA - Nouvelle Aquitaine | U118: ='Liste des gares'!F120 -> à renseigner par PSEF | V118: ='Liste des gares'!G120 -> C NOUVELLE AQUITAINE
E119: Huriel | F119: Mâlain | G119: Le Mans | H119: Rivarennes | I119: Franchet d'Esperey | J119: Étaples - Le Touquet | K119: Franconville - Le Plessis-Bouchard | L119: La Porcherie | N119: Lavilledieu | O119: Mandelieu-la-Napoule | Q119: ='Liste des gares'!B121 -> Aubergenville Élisabethville | R119: ='Liste des gares'!C121 -> 87386730 | S119: ='Liste des gares'!D121 -> Île-de-France | T119: ='Liste des gares'!E121 -> IDF - Île de France | U119: ='Liste des gares'!F121 -> à renseigner par PSEF | V119: ='Liste des gares'!G121 -> B ILE-DE-FRANCE
E120: Irigny Yvours | F120: Mamirolle | G120: Le Mans Hôpital Université | H120: Romorantin Blanc Argent | I120: Froncles | J120: Farbus | K120: Freinville Sevran T4 | L120: La Réole | N120: Le Bousquet-d'Orb | O120: Saint-Joseph Le Castellas | Q120: ='Liste des gares'!B122 -> Aubiat | R120: ='Liste des gares'!C122 -> 87734111 | S120: ='Liste des gares'!D122 -> Auvergne-Rhône-Alpes | T120: ='Liste des gares'!E122 -> AURA - Auvergne Rhône Alpes | U120: ='Liste des gares'!F122 -> à renseigner par PSEF | V120: ='Liste des gares'!G122 -> C AUV-RHONE ALPES
E121: Issoire | F121: Marmagne sous Creusot | G121: Le Pallet | H121: Saint-Aignan - Noyers | I121: Frouard | J121: Feuquerolles | K121: Frépillon | L121: La Rivière de Mansac | N121: Le Bruel | O121: Saint-Laurent-du-Var | Q121: ='Liste des gares'!B123 -> Aubie - Saint-Antoine | R121: ='Liste des gares'!C123 -> 87491233 | S121: ='Liste des gares'!D123 -> Nouvelle-Aquitaine | T121: ='Liste des gares'!E123 -> NA - Nouvelle Aquitaine | U121: ='Liste des gares'!F123 -> à renseigner par PSEF | V121: ='Liste des gares'!G123 -> C NOUVELLE AQUITAINE
E122: Jarrie - Vizille | F122: Meroux | G122: Le Pénity | H122: Saint-Amand de Vendôme | I122: Fumay | J122: Feuquières - Broquiers | K122: Gagny | L122: La Rochefoucauld | N122: Le Cailar | O122: Saint-Louis les Aygalades | Q122: ='Liste des gares'!B124 -> Aubiet | R122: ='Liste des gares'!C124 -> 87611764 | S122: ='Liste des gares'!D124 -> Occitanie | T122: ='Liste des gares'!E124 -> OCC - Occitanie | U122: ='Liste des gares'!F124 -> à renseigner par PSEF | V122: ='Liste des gares'!G124 -> C OCCITANIE
E123: Lacapelle-Viescamp | F123: Mervans | G123: Le Pouliguen | H123: Saint-Amand-Montrond - Orval | I123: Woippy | J123: Feuquières - Fressenneville | K123: Garancières - La Queue | L123: La Rochelle | N123: Le Fauga | O123: Saint-Marcel | Q123: ='Liste des gares'!B125 -> Aubigné-Racan | R123: ='Liste des gares'!C125 -> 87396572 | S123: ='Liste des gares'!D125 -> Pays de la Loire | T123: ='Liste des gares'!E125 -> BPL - Bretagne Pays de La Loire | U123: ='Liste des gares'!F125 -> EIC Bretagne Pays de la Loire | V123: ='Liste des gares'!G125 -> C PAYS DE LA LOIRE
E124: La Fouillouse | F124: Mesves - Bulcy | G124: Le Theil-de-Bretagne | H124: Saint-Antoine-du-Rocher | I124: Gambsheim | J124: Flavy-le-Martel | K124: Garches - Marnes-la-Coquette | L124: La Rochelle Porte Dauphine | N124: Le Grau-du-Roi | O124: Manosque - Gréoux-les-Bains | Q124: ='Liste des gares'!B126 -> Aubigny-au-Bac | R124: ='Liste des gares'!C126 -> 87345447 | S124: ='Liste des gares'!D126 -> Hauts-de-France | T124: ='Liste des gares'!E126 -> HDF - Hauts de France | U124: ='Liste des gares'!F126 -> à renseigner par PSEF | V124: ='Liste des gares'!G126 -> C HAUTS DE FRANCE
E125: La Joux | F125: Mesvres | G125: Le Vieux Briollay | H125: Saint-Aubin - Saint-Luperce | I125: Gandrange - Amnéville | J125: Formerie | K125: Gargan T4 | L125: La Souterraine | N125: Le Monastier | O125: Monteux | Q125: ='Liste des gares'!B127 -> Aubigny-en-Artois | R125: ='Liste des gares'!C127 -> 87342246 | S125: ='Liste des gares'!D127 -> Hauts-de-France | T125: ='Liste des gares'!E127 -> HDF - Hauts de France | U125: ='Liste des gares'!F127 -> à renseigner par PSEF | V125: ='Liste des gares'!G127 -> C HAUTS DE FRANCE
E126: La Miouze - Rochefort | F126: Meursault | G126: Les Lacs | H126: Saint-Ay | I126: Geispolsheim | J126: Fouilloy | K126: Gargenville | L126: La Teste | N126: Le Soler | O126: Pas des Lanciers | Q126: ='Liste des gares'!B128 -> Aubin | R126: ='Liste des gares'!C128 -> 87613224 | S126: ='Liste des gares'!D128 -> Occitanie | T126: ='Liste des gares'!E128 -> OCC - Occitanie | U126: ='Liste des gares'!F128 -> à renseigner par PSEF | V126: ='Liste des gares'!G128 -> C OCCITANIE
E127: La Ricamarie | F127: Monéteau - Gurgy | G127: Les Mais | H127: Saint-Cyr-en-Val La Source | I127: Germaine | J127: Fouquereuil | K127: Garges - Sarcelles | L127: La Tricherie | N127: Le TOEC | O127: Saint-Raphaël Valescure | Q127: ='Liste des gares'!B129 -> Aubin-Saint-Vaast | R127: ='Liste des gares'!C129 -> 87316604 | S127: ='Liste des gares'!D129 -> Hauts-de-France | T127: ='Liste des gares'!E129 -> HDF - Hauts de France | U127: ='Liste des gares'!F129 -> à renseigner par PSEF | V127: ='Liste des gares'!G129 -> C HAUTS DE FRANCE
E128: La Roche-sur-Foron | F128: Montbard | G128: Les Moutiers-en-Retz | H128: Sainte-Lizaigne | I128: Gertwiller | J128: Fourmies | K128: Gazeran | L128: Labenne | N128: Le Vernet d'Ariège | O128: Saint-Saturnin-lès-Avignon | Q128: ='Liste des gares'!B130 -> Auboué | R128: ='Liste des gares'!C130 -> 87191684 | S128: ='Liste des gares'!D130 -> Grand Est | T128: ='Liste des gares'!E130 -> GE - Grand Est | U128: ='Liste des gares'!F130 -> à renseigner par PSEF | V128: ='Liste des gares'!G130 -> C GRAND EST
E129: La Tour-de-Salvagny | F129: Montbarrey | G129: Les Rosiers-sur-Loire | H129: Sainte-Maure - Noyant | I129: Givet | J129: Fresnoy-le-Grand | K129: Gennevilliers | L129: Labouheyre | N129: Les Cabannes | O129: Saint-Martin-de-Crau | Q129: ='Liste des gares'!B131 -> Aubrives | R129: ='Liste des gares'!C131 -> 87172122 | S129: ='Liste des gares'!D131 -> Grand Est | T129: ='Liste des gares'!E131 -> GE - Grand Est | U129: ='Liste des gares'!F131 -> à renseigner par PSEF | V129: ='Liste des gares'!G131 -> C GRAND EST
E130: La Tour-du-Pin | F130: Montbéliard | G130: Les Sables Blancs | H130: Saint-Florent-sur-Cher | I130: Goxwiller | J130: Fretin | K130: Goussainville | L130: Lafarge | N130: Les Cabrils | O130: Simiane | Q130: ='Liste des gares'!B132 -> Aubusson | R130: ='Liste des gares'!C132 -> 87597823 | S130: ='Liste des gares'!D132 -> Nouvelle-Aquitaine | T130: ='Liste des gares'!E132 -> NA - Nouvelle Aquitaine | U130: ='Liste des gares'!F132 -> à renseigner par PSEF | V130: ='Liste des gares'!G132 -> C NOUVELLE AQUITAINE
... E152: Le Puy-en-Velay | F152: Pontarlier | G152: Montreuil-Bellay | H152: Vendôme - Villiers-sur-Loir TGV | I152: Hœnheim Tram | J152: Cassel | K152: Juvisy | L152: Les Ormes | N152: Malause | O152: Toulon Sainte-Musse | Q152: ='Liste des gares'!B154 -> Avenay | R152: ='Liste des gares'!C154 -> 87171579 | S152: ='Liste des gares'!D154 -> Grand Est | T152: ='Liste des gares'!E154 -> GE - Grand Est | U152: ='Liste des gares'!F154 -> à renseigner par PSEF | V152: ='Liste des gares'!G154 -> C GRAND EST
E153: Le Rouget | F153: Pougues-les-Eaux | G153: Montreuil-sur-Ille | H153: Véretz - Montlouis | I153: Hœrdt | J153: Herchies | K153: Juziers | L153: Les Versannes | N153: Manduel - Redessan | Q153: ='Liste des gares'!B155 -> Avenue du Président Kennedy (Maison de Radio France) | R153: ='Liste des gares'!C155 -> 87543207 | S153: ='Liste des gares'!D155 -> Île-de-France | T153: ='Liste des gares'!E155 -> IDF - Île de France | U153: ='Liste des gares'!F155 -> à renseigner par PSEF | V153: ='Liste des gares'!G155 -> B ILE-DE-FRANCE
E154: Le Teil | F154: Pouilly-sur-Loire | G154: Montsûrs | H154: Veuves - Monteaux | I154: Hoffen | J154: Hermes - Berthecourt | K154: La Barre - Ormesson | L154: Lesparre | N154: Marquixanes | Q154: ='Liste des gares'!B156 -> Avenue Foch | R154: ='Liste des gares'!C156 -> 87381038 | S154: ='Liste des gares'!D156 -> Île-de-France | T154: ='Liste des gares'!E156 -> IDF - Île de France | U154: ='Liste des gares'!F156 -> à renseigner par PSEF | V154: ='Liste des gares'!G156 -> B ILE-DE-FRANCE
E155: Le Vauriat | F155: Ranchot | G155: Morannes | H155: Vierzon | I155: Hombourg-Haut | J155: Hesdigneul | K155: La Celle-Saint-Cloud | L155: Libourne | N155: Marseillan Plage | Q155: ='Liste des gares'!B157 -> Avenue Henri Martin | R155: ='Liste des gares'!C157 -> 87381046 | S155: ='Liste des gares'!D157 -> Île-de-France | T155: ='Liste des gares'!E157 -> IDF - Île de France | U155: ='Liste des gares'!F157 -> à renseigner par PSEF | V155: ='Liste des gares'!G157 -> B ILE-DE-FRANCE
E156: Lentilly | F156: Roche-lez-Beaupré | G156: Morlaix | H156: Vierzon Forges | I156: Homécourt | J156: Hesdin | K156: La Courneuve - Aubervilliers | L156: Ligugé | N156: Marssac-sur-Tarn | Q156: ='Liste des gares'!B158 -> Avesnelles | R156: ='Liste des gares'!C158 -> 87295725 | S156: ='Liste des gares'!D158 -> Hauts-de-France | T156: ='Liste des gares'!E158 -> HDF - Hauts de France | U156: ='Liste des gares'!F158 -> à renseigner par PSEF | V156: ='Liste des gares'!G158 -> C HAUTS DE FRANCE
E157: Lentilly Charpenay | F157: Romanèche-Thorins | G157: Moustéru | H157: Villefranche-sur-Cher | I157: Houdemont | J157: Caudry | K157: La Défense | L157: Limeyrat | N157: Martres-Tolosane | Q157: ='Liste des gares'!B159 -> Avesnes | R157: ='Liste des gares'!C159 -> 87295733 | S157: ='Liste des gares'!D159 -> Hauts-de-France | T157: ='Liste des gares'!E159 -> HDF - Hauts de France | U157: ='Liste des gares'!F159 -> EIC Hauts de France | V157: ='Liste des gares'!G159 -> B HAUTS DE FRANCE
E158: Lépin-le-Lac - La Bauche | F158: Ronchamp | G158: Nantes | H158: Villeherviers | I158: Hundling | J158: Hirson Écoles | K158: La Ferté-Alais | L158: Limoges Bénédictins | N158: Marvejols | Q158: ='Liste des gares'!B160 -> Avignon Centre | R158: ='Liste des gares'!C160 -> 87765008 | S158: ='Liste des gares'!D160 -> Provence-Alpes-Côte d'Azur | T158: ='Liste des gares'!E160 -> PACA - Provence Alpes Côte d'Azur | U158: ='Liste des gares'!F160 -> à renseigner par PSEF | V158: ='Liste des gares'!G160 -> B PACA
E159: Les Abrets - Fitilieu | F159: Ruffey | G159: Neau | H159: Villeperdue | I159: Hunspach | J159: Isbergues | K159: La Ferté-sous-Jouarre | L159: Limoges Montjovis | N159: Mazamet | Q159: ='Liste des gares'!B161 -> Avignon TGV | R159: ='Liste des gares'!C161 -> 87318964 | S159: ='Liste des gares'!D161 -> Provence-Alpes-Côte d'Azur | T159: ='Liste des gares'!E161 -> PACA - Provence Alpes Côte d'Azur | U159: ='Liste des gares'!F161 -> à renseigner par PSEF | V159: ='Liste des gares'!G161 -> A TGV à fort trafic et correspondances TER
E160: Les Bossons | F160: Rully | G160: Neuville-sur-Sarthe | H160: Voves | I160: Hymont - Mattaincourt | J160: Hirson | K160: La Frette - Montigny | L160: Louhossoa | N160: Mende | Q160: ='Liste des gares'!B162 -> Avignon TGV terminal TER | R160: ='Liste des gares'!C162 -> 87981902 | S160: ='Liste des gares'!D162 -> Provence-Alpes-Côte d'Azur | T160: ='Liste des gares'!E162 -> PACA - Provence Alpes Côte d'Azur | U160: ='Liste des gares'!F162 -> à renseigner par PSEF | V160: ='Liste des gares'!G162 -> A TGV à fort trafic et correspondances TER
E161: Les Flachères | F161: Saincaize | G161: Nort-sur-Erdre | I161: Igney | J161: Iwuy | K161: La Garenne-Colombes | L161: Loulay | N161: Mérens-les-Vals | Q161: ='Liste des gares'!B163 -> Avignonet | R161: ='Liste des gares'!C163 -> 87616011 | S161: ='Liste des gares'!D163 -> Occitanie | T161: ='Liste des gares'!E163 -> OCC - Occitanie | U161: ='Liste des gares'!F163 -> à renseigner par PSEF | V161: ='Liste des gares'!G163 -> C OCCITANIE
E162: Les Houches | F162: Saint-Agnan | G162: Noyal - Acigné | I162: Igney - Avricourt | J162: Jaux | K162: La Grande-Paroisse | L162: Lubersac | N162: Mérenvielle | Q162: ='Liste des gares'!B164 -> Avion | R162: ='Liste des gares'!C164 -> 87342584 | S162: ='Liste des gares'!D164 -> Hauts-de-France | T162: ='Liste des gares'!E164 -> HDF - Hauts de France | U162: ='Liste des gares'!F164 -> à renseigner par PSEF | V162: ='Liste des gares'!G164 -> C HAUTS DE FRANCE
E163: Les Martres-de-Veyre | F163: Saint-Amour | G163: Noyen | I163: Illfurth | J163: Jeumont | K163: La Norville - Saint-Germain-lès-Arpajon | L163: Ludon | N163: Milhaud | Q163: ='Liste des gares'!B165 -> Avord | R163: ='Liste des gares'!C165 -> 87576439 | S163: ='Liste des gares'!D165 -> Centre-Val de Loire | T163: ='Liste des gares'!E165 -> CVL - Centre Val de Loire | U163: ='Liste des gares'!F165 -> EIC Centre Limousin | V163: ='Liste des gares'!G165 -> C CENTRE VAL DE LOIRE
E164: Les Moussoux | F164: Saint-Claude | G164: Olonne-sur-Mer | I164: Ingersheim Cité Scolaire | J164: Le Poirier Université | K164: La Plaine Stade de France | L164: Lurbe-Saint-Christau | N164: Millas | Q164: ='Liste des gares'!B166 -> Avoudrey | R164: ='Liste des gares'!C166 -> 87718551 | S164: ='Liste des gares'!D166 -> Bourgogne-Franche-Comté | T164: ='Liste des gares'!E166 -> BFC - Bourgogne Franche Compté | U164: ='Liste des gares'!F166 -> à renseigner par PSEF | V164: ='Liste des gares'!G166 -> C BOURGOGNE FC
E165: Les Pélerins | F165: Sainte-Colombe | G165: Paimpol | I165: Ingwiller | J165: Poix-de-Picardie | K165: La Verrière | L165: Lusignan | N165: Millau | Q165: ='Liste des gares'!B167 -> Avranches | R165: ='Liste des gares'!C167 -> 87448514 | S165: ='Liste des gares'!D167 -> Normandie | T165: ='Liste des gares'!E167 -> NO - Normandie | U165: ='Liste des gares'!F167 -> EIC Normandie | V165: ='Liste des gares'!G167 -> C NORMANDIE
E166: Les Praz de Chamonix | F166: Saint-Florentin - Vergigny | G166: Penhoët | I166: Jarville-la-Malgrange | J166: La Bassée | K166: L'Abbaye T4 | L166: Lussac-les-Châteaux | N166: Moissac | Q166: ='Liste des gares'!B168 -> Avrechy | R166: ='Liste des gares'!C168 -> 87313296 | S166: ='Liste des gares'!D168 -> Hauts-de-France | T166: ='Liste des gares'!E168 -> HDF - Hauts de France | U166: ='Liste des gares'!F168 -> à renseigner par PSEF | V166: ='Liste des gares'!G168 -> C HAUTS DE FRANCE
E167: Les Tines | F167: Saint-Jean-de-Losne | G167: Penthièvre | I167: Jœuf | J167: La Borne Blanche | K167: Lagny - Thorigny | L167: Luxé | N167: Montastruc-la-Conseillère | Q167: ='Liste des gares'!B169 -> Ax-les-Thermes | R167: ='Liste des gares'!C169 -> 87611533 | S167: ='Liste des gares'!D169 -> Occitanie | T167: ='Liste des gares'!E169 -> OCC - Occitanie | U167: ='Liste des gares'!F169 -> EIC Midi Pyrénées | V167: ='Liste des gares'!G169 -> C OCCITANIE
E168: Les Trillers | F168: Saint-Julien - Clénay | G168: Plancoët | I168: Joigny-sur-Meuse | J168: La Bouteille | K168: Lardy | L168: Macau | N168: Montauban Ville Bourbon | Q168: ='Liste des gares'!B170 -> Ay | R168: ='Liste des gares'!C170 -> 87171561 | S168: ='Liste des gares'!D170 -> Grand Est | T168: ='Liste des gares'!E170 -> GE - Grand Est | U168: ='Liste des gares'!F170 -> à renseigner par PSEF | V168: ='Liste des gares'!G170 -> C GRAND EST
E169: Lezoux | F169: Saint-Julien-du-Sault | G169: Pléchâtel | I169: Joinville | J169: La Faloise | K169: Le Blanc-Mesnil | L169: Magnac - Vicq | N169: Montaudran | Q169: ='Liste des gares'!B171 -> Aytré Plage | R169: ='Liste des gares'!C171 -> 87437806 | S169: ='Liste des gares'!D171 -> Nouvelle-Aquitaine | T169: ='Liste des gares'!E171 -> NA - Nouvelle Aquitaine | U169: ='Liste des gares'!F171 -> à renseigner par PSEF | V169: ='Liste des gares'!G171 -> C NOUVELLE AQUITAINE
E170: L'Isle-d'Abeau | F170: Saint-Laurent-en-Grandvaux | G170: Plénée-Jugon | I170: Jonchery-sur-Vesle | J170: La Fère | K170: Le Bourget | L170: Marcheprime | N170: Montbartier | Q170: ='Liste des gares'!B172 -> Azay-le-Rideau | R170: ='Liste des gares'!C172 -> 87571638 | S170: ='Liste des gares'!D172 -> Centre-Val de Loire | T170: ='Liste des gares'!E172 -> CVL - Centre Val de Loire | U170: ='Liste des gares'!F172 -> EIC Centre Limousin | V170: ='Liste des gares'!G172 -> C CENTRE VAL DE LOIRE
E171: Livron | F171: Saint-Léger-sur-Dheune | G171: Plerguer | I171: Kalhausen | J171: La Ferté-Milon | K171: Le Bourget T11 | L171: Margaux | N171: Montlaur | Q171: ='Liste des gares'!B173 -> Azay-sur-Cher | R171: ='Liste des gares'!C173 -> 87574442 | S171: ='Liste des gares'!D173 -> Centre-Val de Loire | T171: ='Liste des gares'!E173 -> CVL - Centre Val de Loire | U171: ='Liste des gares'!F173 -> à renseigner par PSEF | V171: ='Liste des gares'!G173 -> C CENTRE VAL DE LOIRE
E172: Loriol | F172: Saint-Lothain | G172: Plestan | I172: Keskastel | J172: La Fontaine | K172: Le Bras de Fer | L172: Marigny | N172: Mont-Louis - La Cabanasse | Q172: ='Liste des gares'!B174 -> Azerailles | R172: ='Liste des gares'!C174 -> 87141408 | S172: ='Liste des gares'!D174 -> Grand Est | T172: ='Liste des gares'!E174 -> GE - Grand Est | U172: ='Liste des gares'!F174 -> à renseigner par PSEF | V172: ='Liste des gares'!G174 -> C GRAND EST
... E199: Montélimar | F199: Voujeaucourt | G199: Rezé Pont Rousseau | I199: Lumes | J199: Liévin | K199: Limay | L199: Nerpuy | N199: Dieupentale | Q199: ='Liste des gares'!B201 -> Barjac | R199: ='Liste des gares'!C201 -> 87783563 | S199: ='Liste des gares'!D201 -> Occitanie | T199: ='Liste des gares'!E201 -> OCC - Occitanie | U199: ='Liste des gares'!F201 -> à renseigner par PSEF | V199: ='Liste des gares'!G201 -> C OCCITANIE
E200: Montluçon | G200: Roscoff | I200: Lunéville | J200: Lille CHR | K200: L'Isle-Adam - Parmain | L200: Neuvic | N200: Porté-Puymorens | Q200: ='Liste des gares'!B202 -> Bar-le-Duc | R200: ='Liste des gares'!C202 -> 87175042 | S200: ='Liste des gares'!D202 -> Grand Est | T200: ='Liste des gares'!E202 -> GE - Grand Est | U200: ='Liste des gares'!F202 -> EIC Lorraine Champagne Ardenne | V200: ='Liste des gares'!G202 -> B GRAND EST
E201: Montluçon Rimard | G201: Rosporden | I201: Luttenbach-près-Munster | J201: Lille Europe | K201: Livry-sur-Seine | L201: Nexon | N201: Portet - Saint-Simon | Q201: ='Liste des gares'!B203 -> Baroncourt | R201: ='Liste des gares'!C203 -> 87192658 | S201: ='Liste des gares'!D203 -> Grand Est | T201: ='Liste des gares'!E203 -> GE - Grand Est | U201: ='Liste des gares'!F203 -> EIC Lorraine Champagne Ardenne | V201: ='Liste des gares'!G203 -> C GRAND EST
E202: Montluel | G202: Rouessé-Vassé | I202: Lutterbach | J202: Lille Flandres | K202: Lizy-sur-Ourcq | L202: Nieul | N202: Port-la-Nouvelle | Q202: ='Liste des gares'!B204 -> Barr | R202: ='Liste des gares'!C204 -> 87214247 | S202: ='Liste des gares'!D204 -> Grand Est | T202: ='Liste des gares'!E204 -> GE - Grand Est | U202: ='Liste des gares'!F204 -> EIC Alsace | V202: ='Liste des gares'!G204 -> B GRAND EST
E203: Montmélian | G203: Sablé-sur-Sarthe | I203: Lutterbach Tram Train | J203: Lille Porte de Douai | K203: Mouroux | L203: Niort | N203: Port-Vendres | Q203: ='Liste des gares'!B205 -> Barsac | R203: ='Liste des gares'!C205 -> 87582759 | S203: ='Liste des gares'!D205 -> Nouvelle-Aquitaine | T203: ='Liste des gares'!E205 -> NA - Nouvelle Aquitaine | U203: ='Liste des gares'!F205 -> à renseigner par PSEF | V203: ='Liste des gares'!G205 -> C NOUVELLE AQUITAINE
E204: Montroc Le Planet | G204: Saint-Armel | I204: Lutzelbourg | J204: Lillers | K204: Longueville | L204: Niversac | N204: Prades - Molitg-les-Bains | Q204: ='Liste des gares'!B206 -> Bar-sur-Aube | R204: ='Liste des gares'!C206 -> 87118299 | S204: ='Liste des gares'!D206 -> Grand Est | T204: ='Liste des gares'!E206 -> GE - Grand Est | U204: ='Liste des gares'!F206 -> EIC Lorraine Champagne Ardenne | V204: ='Liste des gares'!G206 -> C GRAND EST
E205: Moulins sur Allier | G205: Saint-Brieuc | I205: Lutzelhouse | J205: Loison-sous-Lens | K205: Louveciennes | L205: Objat | N205: Puybrun | Q205: ='Liste des gares'!B207 -> Marlieux - Châtillon | R205: ='Liste des gares'!C207 -> 87723767 | S205: ='Liste des gares'!D207 -> Auvergne-Rhône-Alpes | T205: ='Liste des gares'!E207 -> AURA - Auvergne Rhône Alpes | U205: ='Liste des gares'!F207 -> à renseigner par PSEF | V205: ='Liste des gares'!G207 -> C AUV-RHONE ALPES
E206: Moûtiers - Salins - Brides-les-Bains | G206: Sainte-Anne | I206: Magneux - Courlandon | J206: Longpont | K206: Louvres | L206: Ogeu-les-Bains | N206: Longages - Noé | Q206: ='Liste des gares'!B208 -> Bas - Monistrol | R206: ='Liste des gares'!C208 -> 87726778 | S206: ='Liste des gares'!D208 -> Auvergne-Rhône-Alpes | T206: ='Liste des gares'!E208 -> AURA - Auvergne Rhône Alpes | U206: ='Liste des gares'!F208 -> à renseigner par PSEF | V206: ='Liste des gares'!G208 -> C AUV-RHONE ALPES
E207: Murat | G207: Sainte-Pazanne | I207: Maizières-lès-Metz | J207: Longpré-les-Corps-Saints | K207: Luzarches | L207: Oloron-Sainte-Marie | N207: Quillan | Q207: ='Liste des gares'!B209 -> Bas Évette | R207: ='Liste des gares'!C209 -> 87184200 | S207: ='Liste des gares'!D209 -> Bourgogne-Franche-Comté | T207: ='Liste des gares'!E209 -> BFC - Bourgogne Franche Compté | U207: ='Liste des gares'!F209 -> à renseigner par PSEF | V207: ='Liste des gares'!G209 -> C BOURGOGNE FC
E208: Neussargues | G208: Saint-Étienne-de-Montluc | I208: Malling | J208: Longueau | K208: Lycée Henri Sellier T4 | L208: Ondres | N208: Rabastens - Coufouleux | Q208: ='Liste des gares'!B210 -> Base Aérienne | R208: ='Liste des gares'!C210 -> 87699223 | S208: ='Liste des gares'!D210 -> Centre-Val de Loire | T208: ='Liste des gares'!E210 -> CVL - Centre Val de Loire | U208: ='Liste des gares'!F210 -> à renseigner par PSEF | V208: ='Liste des gares'!G210 -> C CENTRE VAL de LOIRE
E209: Noirétable | G209: Saint-Germain-sur-Ille | I209: Marbache | J209: Longueil-Annel | K209: Magenta | L209: Orthez | N209: Pibrac | Q209: ='Liste des gares'!B211 -> Basse-Ham | R209: ='Liste des gares'!C211 -> 87191601 | S209: ='Liste des gares'!D211 -> Grand Est | T209: ='Liste des gares'!E211 -> GE - Grand Est | U209: ='Liste des gares'!F211 -> à renseigner par PSEF | V209: ='Liste des gares'!G211 -> C GRAND EST
E210: Notre-Dame de Briançon | G210: Saint-Gildas-des-Bois | I210: Marienthal | J210: Longueil-Sainte-Marie | K210: Maisons-Alfort - Alfortville | L210: Ossès - Saint-Martin-d'Arrossa | N210: Remoulins | Q210: ='Liste des gares'!B212 -> Bassens | R210: ='Liste des gares'!C212 -> 87581850 | S210: ='Liste des gares'!D212 -> Nouvelle-Aquitaine | T210: ='Liste des gares'!E212 -> NA - Nouvelle Aquitaine | U210: ='Liste des gares'!F212 -> EIC Aquitaine Poitou Charentes | V210: ='Liste des gares'!G212 -> C NOUVELLE AQUITAINE
E211: Nurieux | G211: Saint-Gilles-Croix-de-Vie | I211: Matzenheim | J211: Loos lez Lille | K211: Maisons-Laffitte | L211: Cognac | N211: Ria | Q211: ='Liste des gares'!B213 -> Batz-sur-Mer | R211: ='Liste des gares'!C213 -> 87481770 | S211: ='Liste des gares'!D213 -> Pays de la Loire | T211: ='Liste des gares'!E213 -> BPL - Bretagne Pays de La Loire | U211: ='Liste des gares'!F213 -> à renseigner par PSEF | V211: ='Liste des gares'!G213 -> C PAYS DE LA LOIRE
...
